 Dungeon Crawl Stone Soup version 0.31-a0-174-g85c54bcb58 (webtiles) character file.

Game seed: 11371180661907217043

455264 qw the Slayer (level 24, -1/168 HPs)
             Began as a Gargoyle Fighter on June 15, 2023.
             Was an Elder of Okawaru.
             Slain by Parghit (37 damage)
             ... on level 1 of the Realm of Zot.
             The game lasted 00:36:46 (49771 turns).

qw the Slayer (Gargoyle Fighter)                   Turns: 49771, Time: 00:36:47

Health: -1/168     AC: 49    Str: 30    XL:     24   Next: 5%
Magic:  39/39      EV: 25    Int: 15    God:    Okawaru [****..]
Gold:   1020       SH: 28    Dex: 14    Spells: 23/23 levels left

rFire   + . .        z - +6 war axe "Demp" {vamp, rC+ Will- MP+9 Int+4}
rCold   + + +        x - +3 tower shield of the Teacher {Rampage rElec Dex+3}
rNeg    + . .        r - +7 plate armour of Teunutotyw {rPois rC+ Will+}
rPois   inf          j - +0 hat of the Devil {*Corrode Will++ Dex+2}
rElec   +            u - scarf {rC+ rF+}
rCorr   .            n - +0 pair of gloves of the Hurricane {-Cast +Blink Regen+}
SInv    .            e - +2 pair of boots
Will    +++..        O - amulet of faith Stlth
                     L - +5 ring of evasion
HPRegen 1.28/turn    M - +5 ring of evasion
MPRegen 0.26/turn

%: no spellcasting, corrode self (3%), rampage, faith
@: about to teleport, heroic, corroded, flying
A: sickness immunity, AC +18, big wings, negative energy resistance 1,
electricity resistance, torment resistance 1, petrification resistance, antennae
1, mutation resistance 1, wild magic 1
}: 3/15 runes: decaying, serpentine, silver
a: Renounce Religion, Evoke Blink, Heroism, Finesse


You were on level 1 of the Realm of Zot.
You worshipped Okawaru.
Okawaru was greatly pleased with you.
You visited 9 branches of the dungeon, and saw 41 of its levels.
You visited the Abyss 1 time.

You collected 5312 gold pieces.
You spent 4292 gold pieces at shops.


Innate Abilities, Weirdness & Mutations

You are immune to sickness and miasma.
Your stone body is resilient. (AC +18)
You are immune to poison.
Your large and strong wings let you fly.
You resist negative energy. (rN+)
You are resistant to electric shocks. (rElec)
You are resistant to unholy torment.
You are immune to petrification.
You have a pair of small antennae on your head.
You are somewhat resistant to further mutation.
Your spells are a little harder to cast, but a little more powerful.


   Skills:
 + Level 22.3(27) Fighting
 - Level 16.2(21.2) Axes
 - Level 13.0(18.0) Throwing
 - Level 21.0(26.0) Armour
 - Level 10.0(15.0) Dodging
 - Level 21.6(26.6) Shields
 - Level 10.0 Invocations


You had 23 spell levels left.
You didn't know any spells.
Your spell library was empty.

Inventory:

Hand Weapons
 v - a +3 heavy broad axe
 z - the +6 war axe "Demp" (weapon) {vamp, rC+ Will- MP+9 Int+4}
   (Okawaru gifted it to you on level 5 of the Lair of Beasts)

   Int:       It affects your intelligence (+4).
   rC:        It protects you from cold.
   MP:        It affects your magic capacity (+9).
   Will:      It decreases your willpower.
 G - a +1 vampiric war axe
Missiles
 t - 4 silver javelins (quivered)
 A - 26 boomerangs
Armour
 e - a +2 pair of boots (worn)
 j - the +0 hat of the Devil (worn) {*Corrode Will++ Dex+2}
   (Okawaru gifted it to you on level 2 of the Vaults)

   Dex:       It affects your dexterity (+2).
   *Corrode:  It may corrode you when you take damage.
   Will:      It greatly increases your willpower.
 n - the +0 pair of gloves of the Hurricane (worn) {-Cast +Blink Regen+}
   (You acquired it on level 4 of the Depths)

   +Blink:    It lets you blink.
   -Cast:     It prevents spellcasting.
   Regen:     It increases your rate of health regeneration.
 r - the +7 plate armour of Teunutotyw (worn) {rPois rC+ Will+}
   (Okawaru gifted it to you on level 3 of the Vaults)

   rC:        It protects you from cold.
   rPois:     It protects you from poison.
   Will:      It increases your willpower.
 u - a scarf of resistance (worn)
 x - the +3 tower shield of the Teacher (worn) {Rampage rElec Dex+3}
   (You acquired it on level 5 of the Lair of Beasts)

   Dex:       It affects your dexterity (+3).
   rElec:     It insulates you from electricity.
   Rampage:   It bestows one free step when moving towards enemies.
 D - the +0 robe of the Beastly Worm {rCorr Str+3 Dex-3 SInv}
   (Okawaru gifted it to you on level 2 of the Orcish Mines)

   Str:       It affects your strength (+3).
   Dex:       It affects your dexterity (-3).
   SInv:      It lets you see invisible.
   rCorr:     It protects you from acid and corrosion.
 E - +0 gold dragon scales
 F - a +10 plate armour of ponderousness
 J - a +2 cloak
 N - a +1 hat
 P - the +0 pair of gloves of Ennui {Harm rF+ Str+4 Dex-3}
   (You found it on level 5 of the Vaults)

   Str:       It affects your strength (+4).
   Dex:       It affects your dexterity (-3).
   rF:        It protects you from fire.
   Harm:      It increases damage dealt and taken.
Jewellery
 c - an amulet of reflection
 w - a ring of protection from fire
 y - a ring of protection from cold
 C - a ring of ice
 H - a ring of protection from fire
 I - a ring of resist corrosion
 L - a +5 ring of evasion (left hand)
 M - a +5 ring of evasion (right hand)
 O - an amulet of faith (around neck)
Wands
 k - a wand of digging (13)
Scrolls
 a - 21 scrolls of identify
 b - a scroll of enchant armour
 i - 10 scrolls of teleportation
 K - 2 scrolls of enchant weapon
Potions
 d - 5 potions of might
 f - 5 potions of resistance
 g - a potion of cancellation
 h - 7 potions of lignification
 l - 10 potions of attraction
 m - 10 potions of mutation
 p - 13 potions of curing
 q - 3 potions of haste
 s - 5 potions of magic
 B - 12 potions of heal wounds

Dungeon Overview and Level Annotations

Branches:
Dungeon (15/15)            Temple (1/1) D:5            Lair (5/5) D:10
  Swamp (4/4) Lair:3        Snake (4/4) Lair:3        Slime (0/5) Lair:5
    Orc (2/2) D:9             Elf (0/3) Orc:2        Vaults (5/5) D:14
  Crypt (0/3) Vaults:3     Depths (4/4) D:15            Zot (1/5) Depths:4

Altars:
Ashenzari
Cheibriados
Dithmenos
Elyvilon
Fedhas
Gozag
Hepliaklqana
Kikubaaqudgha
Makhleb
Nemelex Xobeh
Okawaru
Qazlal
Ru
Sif Muna
Trog
Uskayaw
Vehumet
Wu Jian
Xom
Yredelemnul
Zin
The Shining One
Jiyva

Shops:
D:3 ?   D:8 (   Orc:1 *   Orc:2 :[*!=   Vaults:2 =

Portals:
Hell: Depths:1 Depths:2 Depths:3 Depths:4
Abyss: Depths:1 Depths:3
Pandemonium: Depths:2 Depths:3 Depths:4
Ziggurat: Depths:2
Trove: D:10 (give 11 potions of heal wounds)

Annotations:
D:2 exclusion: endoplasm
D:7 1 runed translucent door, qw's ghost, novice GrFi
D:13 1 runed translucent door, Wemm's ghost, journeyman SpEn
Lair:5 1 runed translucent door
Orc:1 exclusions: 2 orcs and 6 orc knights
Zot:1 Parghit


Message History

The electric golem misses you. The electric golem closely misses you.
You slash the green draconian monk!
You feel better.
The green draconian monk is almost dead.
You slice the black draconian!!
You feel better.
You hit the electric golem but do no damage.
You hit Parghit.
You feel better.
You slash the moth of wrath!
You feel better.
The white draconian hits the electric golem with a +2 battleaxe of freezing!
The white draconian freezes the electric golem.
Parghit bites you!! You block Parghit's attack. x2
The green draconian monk hits you but does no damage.
The green draconian monk kicks you.
You block the green draconian monk's attack.
The green draconian monk tail-slaps you but does no damage.
The electric golem blinks!
You block the black draconian's attack. The moth of wrath closely misses you.
You hit the white draconian.
You feel better.
The white draconian is heavily wounded.
You slash Parghit!
You feel better.
You hit the green draconian monk but do no damage.
You slash the moth of wrath!
You feel better.
You closely miss the black draconian. Parghit misses you.
You block Parghit's attack. x2
You block the green draconian monk's attack.
The green draconian monk completely misses you.
The green draconian monk tail-slaps you but does no damage.
The green draconian monk barely misses you.
You block the white draconian's attack. Parghit bites you!!
Parghit closely misses you. Parghit claws you!
49771 ||| READING 11 scrolls of teleportation.
As you read the scroll of teleportation, it crumbles to dust.
You feel strangely unstable.
You feel the Orb delaying your translocation!
The purple draconian closely misses something.
You block the green draconian monk's attack.
The green draconian monk kicks you but does no damage.
The green draconian monk tail-slaps you but does no damage. x2
The electric golem crackles and sizzles.
You block the black draconian's attack. You block the moth of wrath's attack.
Parghit bites you!!!
You die...

#.. #T. (#.# .#..
.#.# ###.#.#
##.d.#.#
##y@T{8.#
#qd)q9d.##.#
#.8.\.......
#............q...
#####.#....8.##!#
#.##.....# .# #.
#####.# # #( #.#
#. #


You could see an electric golem, a green draconian monk (berserk), Parghit
(berserk), a black draconian (berserk), a purple draconian (berserk, confused,
poisoned), a white draconian (berserk, confused), 2 draconians and a moth of
wrath.

Vanquished Creatures
  A dread lich (Vaults:5)
  A juggernaut (Depths:2)
  Frederick (Depths:3)
  Bai Suzhen (Swamp:4)
  Saint Roka (Depths:1)
  2 golden dragons
  A bone dragon (Depths:4)
  Rupert (D:15)
  4 tentacled monstrosities
  5 liches
  Zenata (Vaults:3)
  A walking frostbound tome (Depths:2)
  4 quicksilver dragons
  6 titans
  Asterion (Vaults:2)
  5 sphinxes
  Frances (Snake:2)
  A tentacled starspawn (Abyss:2)
  A sphinx (shapeshifter) (Vaults:5)
  5 shadow dragons
  5 tengu reavers
  Roxanne (Swamp:3)
  8 nagarajas
  A thorn hunter (Swamp:2)
  5 storm dragons
  3 fenstrider witches (Swamp:4)
  4 fire giants
  9 frost giants
  A draconian knight (Depths:4)
  3 iron dragons
  Aizul (Snake:4)
  Louise (Swamp:1)
  A draconian scorcher (Zot:1)
  17 vault wardens
  6 orc warlords
  A cacodemon (Abyss:2)
  A draconian annihilator (Depths:4)
  2 draconian stormcallers
  2 war gargoyles (Vaults:5)
  2 spriggan defenders (Depths:4)
  18 ironbound preservers
  5 ghouls (Swamp:4)
  24 very ugly things
  2 caustic shrike zombies
  2 formless jellyfish (Vaults:4)
  7 ironbound thunderhulks
  14 stone giants
  4 vampire knights
  2 deep elf demonologists
  A lorocyproca (Depths:2)
  3 eleionomae
  15 dire elephants
  5 bunyips
  A black draconian (Depths:4)
  2 deep elf annihilators (Vaults:3)
  3 purple draconians (Depths:4)
  A red draconian (Depths:4)
  2 yellow draconians
  2 white draconians (Depths:4)
  2 green deaths (Swamp:4)
  2 deep elf death magi (Vaults:5)
  7 fire dragons
  9 ettins
  Josephine (D:15)
  An ettin (shapeshifter) (Depths:4)
  2 crystal guardians (Vaults:4)
  2 deep elf high priests
  3 shambling mangroves
  13 yaktaur captains
  A merfolk impaler (Depths:1)
  An entropy weaver (Vaults:4)
  8 great orbs of eyes
  9 hydras
  3 rakshasas
  4 hell beasts
  33 vault guards
  7 ice dragons
  2 peacekeepers (Vaults:4)
  4 anacondas
  6 spriggan air magi
  2 catoblepae
  2 ogre magi (Vaults:5)
  5 ironbound frosthearts
  5 salamander tyrants (Snake:4)
  8 centaur warriors
  9 naga warriors
  3 two-headed ogres
  6 deep troll shamans
  11 alligators
  10 boulder beetles
  16 death yaks
  2 orc high priests
  6 shock serpents
  2 sun demons
  6 deep troll earth magi
  12 naga sharpshooters
  8 hell knights
  5 spriggan berserkers
  Urug (Lair:4)
  A deep elf knight (Orc:2)
  5 iron trolls
  3 soul eaters
  2 salamander mystics (Snake:2)
  A fire crab (Lair:4)
  A skyshark (Lair:2)
  A storm dragon skeleton (Depths:3)
  3 skeletal warriors (D:15)
  6 goliath frogs
  A wretched star (Abyss:2)
  7 spriggan druids (Swamp:4)
  A sea snake (shapeshifter) (Vaults:5)
  3 glowing orange brains
  42 deep trolls
  A deep troll (shapeshifter) (Depths:2)
  5 sixfirhies
  2 bog bodies
  A quicksilver dragon simulacrum (Depths:2)
  18 ironbound convokers
  A glowing orange brain (shapeshifter) (Depths:2)
  3 flayed ghosts (Depths:3)
  7 phantasmal warriors
  6 wizards
  3 harpies (Vaults:5)
  4 necromancers
  2 swamp dragons (Swamp:2)
  2 large abominations (Abyss:2)
  A lindwurm (shapeshifter) (Depths:2)
  13 orc knights
  5 deep elf pyromancers
  25 lindwurms
  A wolf spider zombie (D:15)
  2 deep elf archers (Vaults:3)
  3 cyclopes
  3 deep elf zephyrmancers
  4 mana vipers
  50 ugly things
  4 will-o-the-wisps
  7 orc sorcerers
  A wolf spider (shapeshifter) (Depths:2)
  A cyclops (shapeshifter) (Vaults:5)
  A shining eye (shapeshifter) (D:14)
  7 salamanders
  10 elephants
  6 manticores
  2 moths of wrath (Zot:1)
  28 black mambas
  18 vault sentinels
  5 guardian serpents
  15 naga magi
  A torpor snail (shapeshifter) (Vaults:5)
  2 torpor snails
  2 guardian serpents (shapeshifter)
  A centaur zombie (D:15)
  9 apocalypse crabs (Depths:3)
  2 smoke demons
  A centaur skeleton (D:15)
  5 orange demons
  An unseen horror (D:11)
  An unseen horror (shapeshifter) (D:15)
  Psyche (D:8)
  12 cane toads
  5 rime drakes
  39 yaktaurs
  3 kobold demonologists
  A tormentor (Depths:4)
  2 ice devils
  10 komodo dragons
  4 tengu conjurers
  5 polar bears
  A harpy zombie (Abyss:2)
  2 red devils
  9 hornets
  7 trolls
  2 ancient zymes (Abyss:2)
  A bloated husk (Swamp:2)
  4 hellwings
  A tyrant leech (shapeshifter) (Vaults:5)
  24 blink frogs
  8 tyrant leeches
  A raiju (Abyss:2)
  9 dream sheep
  A centaur simulacrum (D:15)
  6 spriggans
  A ynoxinul (Depths:4)
  20 slime creatures
  A shadow (D:10)
  4 wraiths
  3 vampires (Vaults:3)
  66 yaks
  15 starcursed masses (Abyss:2)
  5 water elementals (Depths:1)
  9 basilisks
  A hog (shapeshifter) (D:15)
  7 wyverns
  2 fire bats (Lair:1)
  3 steam dragons
  5 chaos spawn
  2 neqoxecs (Abyss:2)
  A redback (shapeshifter) (Vaults:2)
  Edmund (D:4)
  19 vampire mosquitoes
  15 swamp worms
  17 water moccasins
  34 nagas
  10 wargs
  A glowing shapeshifter zombie (Depths:3)
  3 acid dragons
  2 floating eyes (Depths:3)
  2 small abominations (Abyss:2)
  A sky beast (D:6)
  A glowing shapeshifter skeleton (Depths:3)
  A swamp drake (Swamp:2)
  4 ice beasts
  48 orc warriors
  4 black bears
  12 ogres
  22 wolves
  24 centaurs
  8 kobold brigands
  2 phantoms (D:7)
  11 bullfrogs
  5 scorpions
  A gnoll sergeant (D:7)
  14 wights
  6 killer bees (D:7)
  8 howler monkeys
  An electric eel (Lair:2)
  A lava snake (Lair:1)
  9 orc priests
  4 hounds
  9 iguanas
  A sleepcap (D:6)
  Jessica (D:2)
  16 orc wizards
  5 adders
  3 ufetubi
  A worm (D:3)
  4 dart slugs
  79 orcs
  9 ball pythons
  10 endoplasms
  4 giant cockroaches
  10 goblins
  7 hobgoblins
  30 kobolds
  4 quokkas
  3 training dummies (D:8)
  7 bats
  4 frilled lizards
  5 rats (D:1)
  A fire vortex (D:13)
  3 spectral weapons (Vaults:2)
  3 starspawn tentacles (Abyss:2)
1652 creatures vanquished.

Vanquished Creatures (others)
  A phantasmal warrior (Vaults:5)
  A black mamba (Snake:1)
  A tengu conjurer (Depths:2)
  2 orc wizards
  An orc (D:9)
  19 foxfires
  2 starspawn tentacles (Abyss:2)
27 creatures vanquished.

Grand Total: 1679 creatures vanquished

Notes
Turn   | Place    | Note
-------+----------+-------------------------------------------
     0 | D:1      | qw the Gargoyle Fighter began the quest for the Orb.
     0 | D:1      | Reached XP level 1. HP: 14/14 MP: 1/1
     0 | D:1      | 0 ||| qw: Version: 0.2-a-29-g511e9b1
     0 | D:1      | 0 ||| qw: Game counter: 5470
     0 | D:1      | 0 ||| qw: Always use a shield: true
     0 | D:1      | 0 ||| qw: God list: Okawaru
     0 | D:1      | 0 ||| qw: Allow faded altars: false
     0 | D:1      | 0 ||| qw: Do Orc after D:15 true
     0 | D:1      | 0 ||| qw: Do second Lair branch before Depths: true
     0 | D:1      | 0 ||| qw: Lair rune preference: random
     0 | D:1      | 0 ||| qw: Plans: Normal, Zot:1-4, Slime:5, God:TSO, Crypt,
                  | Tomb, Abyss, Pan, Hells, Win
     0 | D:1      | 0 ||| PLANNING D:1-11
   111 | D:1      | Reached XP level 2. HP: 14/19 MP: 2/2
   119 | D:1      | 119 ||| FLEEEEING.
   120 | D:1      | 120 ||| FLEEEEING.
   122 | D:1      | 122 ||| FLEEEEING.
   123 | D:1      | 123 ||| FLEEEEING.
   381 | D:1      | 381 ||| Stepping ~*~*~tactically~*~*~ (stealth).
   383 | D:1      | 383 ||| Stepping ~*~*~tactically~*~*~ (stealth).
   405 | D:1      | Reached skill level 3 in Axes
   446 | D:1      | Reached XP level 3. HP: 23/23 MP: 3/3
   464 | D:1      | 464 ||| Stepping ~*~*~tactically~*~*~ (stealth).
   465 | D:1      | 465 ||| Stepping ~*~*~tactically~*~*~ (stealth).
   466 | D:1      | 466 ||| Stepping ~*~*~tactically~*~*~ (hiding).
   930 | D:1      | 930 ||| UPGRADING to +0 cloak.
   935 | D:1      | 935 ||| READING 2 scrolls labelled SIAL BERURR.
   936 | D:1      | 936 ||| READING scroll labelled JILOSO ZUFAN PYMM.
   971 | D:2      | Noticed Jessica
   972 | D:2      | 972 ||| Stepping ~*~*~tactically~*~*~ (hiding).
   973 | D:2      | 973 ||| Stepping ~*~*~tactically~*~*~ (hiding).
   984 | D:2      | Killed Jessica
   985 | D:2      | Reached XP level 4. HP: 22/28 MP: 4/4
  1307 | D:2      | 1307 ||| Stepping ~*~*~tactically~*~*~ (stealth).
  1314 | D:2      | 1314 ||| UPGRADING to +0 pair of gloves.
  1461 | D:2      | 1461 ||| READING 2 scrolls of identify.
  1461 | D:2      | 1461 ||| IDENTIFYING golden potion
  1762 | D:3      | 1762 ||| Stepping ~*~*~tactically~*~*~ (hiding).
  2132 | D:3      | Reached XP level 5. HP: 29/32 MP: 5/5
  2175 | D:3      | Found Hink's Magic Scroll Shop.
  2183 | D:3      | 2183 ||| SHOPLISTING scroll of enchant weapon (105 gold,
                  | have 79).
  2183 | D:3      | 2183 ||| BUYING scroll of identify (28 gold).
  2183 | D:3      | Bought a scroll of identify for 28 gold pieces
  2183 | D:3      | 2183 ||| BUYING scroll of teleportation (42 gold).
  2183 | D:3      | Bought a scroll of teleportation for 42 gold pieces
  2190 | D:3      | 2190 ||| Stepping ~*~*~tactically~*~*~ (hiding).
  2229 | D:3      | 2229 ||| DROPPING +0 club.
  2237 | D:3      | Noticed an ogre
  2238 | D:3      | 2238 ||| Stepping ~*~*~tactically~*~*~ (stealth).
  2240 | D:3      | 2240 ||| Stepping ~*~*~tactically~*~*~ (stealth).
  2241 | D:3      | 2241 ||| Stepping ~*~*~tactically~*~*~ (stealth).
  2249 | D:3      | HP: 7/32 [ogre/+0 giant club (21)]
  2250 | D:3      | 2250 ||| READING scroll of teleportation.
  2251 | D:3      | 2251 ||| DRINKING potion of heal wounds.
  2423 | D:3      | 2423 ||| Stepping ~*~*~tactically~*~*~ (stealth).
  2548 | D:3      | 2548 ||| Stepping ~*~*~tactically~*~*~ (stealth).
  2561 | D:3      | Killed an ogre
  2562 | D:3      | Reached skill level 4 in Fighting
  2562 | D:3      | Reached XP level 6. HP: 11/39 MP: 6/6
  3046 | D:3      | 3046 ||| UPGRADING to +0 pair of boots.
  3051 | D:3      | 3051 ||| READING scroll labelled XENIV WUDA.
  3052 | D:3      | 3052 ||| READING 3 scrolls labelled BUBAL OXZET DYI.
  3053 | D:3      | 3053 ||| READING 2 scrolls of enchant armour.
  3053 | D:3      | 3053 ||| ENCHANTING +0 pair of gloves.
  3054 | D:3      | 3054 ||| READING scroll of enchant armour.
  3054 | D:3      | 3054 ||| ENCHANTING +1 pair of gloves.
  3055 | D:3      | 3055 ||| READING 2 scrolls of identify.
  3055 | D:3      | 3055 ||| IDENTIFYING bubbling cyan potion
  3154 | D:4      | Noticed Edmund
  3158 | D:4      | 3158 ||| Stepping ~*~*~tactically~*~*~ (stealth).
  3169 | D:4      | Killed Edmund
  3293 | D:4      | 3293 ||| Stepping ~*~*~tactically~*~*~ (stealth).
  3295 | D:4      | 3295 ||| Stepping ~*~*~tactically~*~*~ (stealth).
  3307 | D:4      | Reached XP level 7. HP: 31/44 MP: 7/7
  3343 | D:4      | 3343 ||| Stepping ~*~*~tactically~*~*~ (stealth).
  3797 | D:4      | 3797 ||| UPGRADING to +0 plate armour.
  3807 | D:4      | 3807 ||| DROPPING +0 scale mail.
  3808 | D:4      | 3808 ||| DROPPING amulet of magic regeneration.
  3809 | D:4      | 3809 ||| READING scroll labelled HOTEXA FAGISM.
  3840 | D:4      | 3840 ||| READING 3 scrolls of identify.
  3840 | D:4      | 3840 ||| IDENTIFYING pink potion
  3841 | D:4      | 3841 ||| READING 2 scrolls of identify.
  3841 | D:4      | 3841 ||| IDENTIFYING red potion
  3842 | D:4      | 3842 ||| DROPPING potion of ambrosia.
  3877 | D:5      | Entered Level 5 of the Dungeon
  3889 | D:5      | Found a staircase to the Ecumenical Temple.
  3890 | D:5      | 3890 ||| PLANNING TEMPLE
  3895 | Temple   | Entered the Ecumenical Temple
  4048 | Temple   | 4048 ||| PLANNING OKAWARU WORSHIP
  4093 | Temple   | Became a worshipper of Warmaster Okawaru
  4094 | Temple   | 4094 ||| PLANNING D:1-11
  4204 | D:5      | Reached skill level 6 in Axes
  4323 | D:5      | Reached * piety under Okawaru
  4416 | D:5      | Reached XP level 8. HP: 45/48 MP: 8/8
  4536 | D:5      | 4536 ||| Stepping ~*~*~tactically~*~*~ (stealth).
  4563 | D:5      | Reached skill level 1 in Invocations
  4636 | D:5      | 4636 ||| READING scroll of enchant armour.
  4636 | D:5      | 4636 ||| ENCHANTING +0 pair of boots.
  4940 | D:5      | 4940 ||| UPGRADING to +6 ring of dexterity.
  4941 | D:5      | 4941 ||| READING scroll labelled COUZXATUBE.
  4942 | D:5      | 4942 ||| READING scroll labelled TULETW JARHYAM.
  4943 | D:5      | 4943 ||| DRINKING 2 coppery potions.
  4996 | D:6      | Reached skill level 3 in Invocations
  5001 | D:6      | Reached skill level 5 in Fighting
  5130 | D:6      | Found a shimmering altar of Xom.
  5131 | D:6      | Found a white marble altar of Elyvilon.
  5134 | D:6      | Found a burning altar of Makhleb.
  5143 | D:6      | 5143 ||| FLEEEEING.
  5144 | D:6      | 5144 ||| FLEEEEING.
  5145 | D:6      | 5145 ||| FLEEEEING.
  5172 | D:6      | 5172 ||| DROPPING +1 heavy flail.
  5173 | D:6      | Found an ornate altar of the Wu Jian Council.
  5173 | D:6      | Found a broken altar of Ashenzari.
  5174 | D:6      | Found a shadowy altar of Dithmenos.
  5648 | D:6      | Reached XP level 9. HP: 54/54 MP: 12/12
  5816 | D:6      | 5816 ||| Stepping ~*~*~tactically~*~*~ (hiding).
  5818 | D:6      | 5818 ||| Stepping ~*~*~tactically~*~*~ (stealth).
  5832 | D:6      | 5832 ||| Stepping ~*~*~tactically~*~*~ (stealth).
  5849 | D:6      | Reached ** piety under Okawaru
  5902 | D:6      | 5902 ||| READING scroll labelled XOEPSO KATTOA.
  5903 | D:6      | 5903 ||| READING scroll labelled FUATRU JONYRPHO.
  5904 | D:6      | 5904 ||| DRINKING 2 smoky clear potions.
  5905 | D:6      | 5905 ||| DROPPING potion of invisibility.
  6016 | D:7      | Found a runed translucent door.
  6027 | D:7      | Noticed qw's ghost (novice GrFi)
  6073 | D:7      | 6073 ||| INVOKING Heroism.
  6181 | D:7      | 6181 ||| Stepping ~*~*~tactically~*~*~ (stealth).
  6183 | D:7      | 6183 ||| INVOKING Heroism.
  6189 | D:7      | Reached skill level 6 in Fighting
  6237 | D:7      | 6237 ||| Stepping ~*~*~tactically~*~*~ (hiding).
  6347 | D:7      | Reached skill level 9 in Axes
  6357 | D:7      | Found an ancient bone altar of Kikubaaqudgha.
  6474 | D:7      | 6474 ||| INVOKING Heroism.
  6488 | D:7      | 6488 ||| Stepping ~*~*~tactically~*~*~ (stealth).
  6490 | D:7      | 6490 ||| Stepping ~*~*~tactically~*~*~ (stealth).
  6496 | D:7      | 6496 ||| INVOKING Heroism.
  6498 | D:7      | Reached skill level 6 in Armour
  6498 | D:7      | 6498 ||| Stepping ~*~*~tactically~*~*~ (hiding).
  6499 | D:7      | 6499 ||| Stepping ~*~*~tactically~*~*~ (hiding).
  6521 | D:7      | Noticed a deep elf pyromancer
  6522 | D:7      | 6522 ||| FLEEEEING.
  6527 | D:7      | 6527 ||| FLEEEEING.
  6527 | D:7      | HP: 1/55 [deep elf pyromancer/bolt of fire (39)]
  6528 | D:7      | 6528 ||| FLEEEEING.
  6529 | D:7      | 6529 ||| FLEEEEING.
  6530 | D:7      | 6530 ||| FLEEEEING.
  6531 | D:7      | 6531 ||| FLEEEEING.
  6537 | D:7      | 6537 ||| FLEEEEING.
  6538 | D:7      | 6538 ||| READING scroll of teleportation.
  6539 | D:7      | 6539 ||| DRINKING 2 potions of heal wounds.
  6540 | D:7      | 6540 ||| INVOKING Heroism.
  6540 | D:7      | HP: 13/55 [burnt (7)]
  6618 | D:7      | 6618 ||| INVOKING Heroism.
  6630 | D:7      | 6630 ||| Stepping ~*~*~tactically~*~*~ (hiding).
  6636 | D:7      | Killed a deep elf pyromancer
  6697 | D:7      | 6697 ||| Stepping ~*~*~tactically~*~*~ (stealth).
  6711 | D:7      | 6711 ||| Stepping ~*~*~tactically~*~*~ (stealth).
  6718 | D:7      | 6718 ||| INVOKING Heroism.
  6727 | D:7      | Reached skill level 1 in Throwing
  6755 | D:7      | 6755 ||| Stepping ~*~*~tactically~*~*~ (stealth).
  6797 | D:7      | 6797 ||| Stepping ~*~*~tactically~*~*~ (stealth).
  6809 | D:7      | 6809 ||| Stepping ~*~*~tactically~*~*~ (stealth).
  6818 | D:7      | Reached XP level 10. HP: 57/61 MP: 13/13
  6950 | D:7      | 6950 ||| INVOKING Heroism.
  6956 | D:7      | Reached skill level 7 in Fighting
  6963 | D:7      | Reached *** piety under Okawaru
  7149 | D:7      | Noticed a red ugly thing
  7149 | D:7      | Noticed a manticore
  7150 | D:7      | 7150 ||| Stepping ~*~*~tactically~*~*~ (stealth).
  7152 | D:7      | 7152 ||| Stepping ~*~*~tactically~*~*~ (hiding).
  7164 | D:7      | 7164 ||| INVOKING Heroism.
  7177 | D:7      | Killed a manticore
  7185 | D:7      | 7185 ||| INVOKING Heroism.
  7185 | D:7      | HP: 12/63 [red ugly thing (15)]
  7186 | D:7      | 7186 ||| DRINKING potion of heal wounds.
  7200 | D:7      | Killed a red ugly thing
  7337 | D:7      | Identified the staff of air "Kiycut" {rElec Str+2 Int+3}
  7488 | D:7      | 7488 ||| DROPPING orb of energy.
  7489 | D:7      | 7489 ||| READING scroll labelled HAIFYA JEWEO.
  7490 | D:7      | 7490 ||| READING 3 scrolls labelled MANAASOUSE.
  7491 | D:7      | 7491 ||| READING 2 scrolls of enchant weapon.
  7491 | D:7      | 7491 ||| ENCHANTING +1 war axe.
  7492 | D:7      | 7492 ||| READING scroll of enchant weapon.
  7492 | D:7      | 7492 ||| ENCHANTING +2 war axe.
  7493 | D:7      | 7493 ||| READING scroll labelled HIMAPT EREHAI.
  7494 | D:7      | 7494 ||| READING scroll labelled ZATWORYESHRE.
  7495 | D:7      | 7495 ||| DRINKING 2 lumpy grey potions.
  7495 | D:7      | Gained mutation: You have a pair of small antennae on your
                  | head. [potion of mutation]
  7495 | D:7      | Gained mutation: Your spells are a little harder to cast,
                  | but a little more powerful. [potion of mutation]
  7495 | D:7      | Gained mutation: You are somewhat resistant to further
                  | mutation. [potion of mutation]
  7496 | D:7      | 7496 ||| READING 2 scrolls of identify.
  7496 | D:7      | 7496 ||| IDENTIFYING dark potion
  7497 | D:7      | 7497 ||| DROPPING potion of enlightenment.
  7539 | D:8      | 7539 ||| Stepping ~*~*~tactically~*~*~ (hiding).
  7540 | D:8      | 7540 ||| Stepping ~*~*~tactically~*~*~ (hiding).
  7541 | D:8      | 7541 ||| Stepping ~*~*~tactically~*~*~ (hiding).
  7561 | D:8      | 7561 ||| INVOKING Heroism.
  7761 | D:8      | Found a glowing golden altar of the Shining One.
  7842 | D:8      | 7842 ||| INVOKING Heroism.
  7916 | D:8      | 7916 ||| Stepping ~*~*~tactically~*~*~ (hiding).
  7922 | D:8      | 7922 ||| INVOKING Heroism.
  8179 | D:8      | 8179 ||| Stepping ~*~*~tactically~*~*~ (hiding).
  8181 | D:8      | 8181 ||| Stepping ~*~*~tactically~*~*~ (hiding).
  8183 | D:8      | Noticed a two-headed ogre
  8184 | D:8      | 8184 ||| INVOKING Heroism.
  8198 | D:8      | Killed a two-headed ogre
  8198 | D:8      | Reached **** piety under Okawaru
  8199 | D:8      | Reached skill level 8 in Fighting
  8308 | D:8      | 8308 ||| DROPPING +0 mace of holy wrath.
  8309 | D:8      | 8309 ||| DROPPING +2 heavy flail.
  8317 | D:8      | 8317 ||| Stepping ~*~*~tactically~*~*~ (hiding).
  8374 | D:8      | Found Neca's Firing Range.
  8376 | D:8      | Noticed Psyche
  8377 | D:8      | 8377 ||| INVOKING Heroism.
  8385 | D:8      | Killed Psyche
  8386 | D:8      | Reached XP level 11. HP: 69/69 MP: 12/14
  8417 | D:8      | 8417 ||| DROPPING ring of magical power.
  8707 | D:8      | 8707 ||| READING scroll labelled YCAMAU QENOUF.
  8749 | D:9      | 8749 ||| Stepping ~*~*~tactically~*~*~ (hiding).
  8752 | D:9      | 8752 ||| Stepping ~*~*~tactically~*~*~ (hiding).
  8755 | D:9      | 8755 ||| INVOKING Heroism.
  8769 | D:9      | 8769 ||| Stepping ~*~*~tactically~*~*~ (hiding).
  8781 | D:9      | 8781 ||| INVOKING Heroism.
  8790 | D:9      | 8790 ||| Stepping ~*~*~tactically~*~*~ (cloud).
  8873 | D:9      | Found a staircase to the Orcish Mines.
  8963 | D:9      | 8963 ||| Stepping ~*~*~tactically~*~*~ (hiding).
  8964 | D:9      | 8964 ||| Stepping ~*~*~tactically~*~*~ (hiding).
  8975 | D:9      | Reached skill level 6 in Invocations
  8975 | D:9      | 8975 ||| INVOKING Heroism.
  9061 | D:9      | Found a stormy altar of Qazlal.
  9098 | D:9      | 9098 ||| Stepping ~*~*~tactically~*~*~ (hiding).
  9101 | D:9      | 9101 ||| Stepping ~*~*~tactically~*~*~ (hiding).
  9102 | D:9      | 9102 ||| Stepping ~*~*~tactically~*~*~ (hiding).
  9260 | D:9      | 9260 ||| Stepping ~*~*~tactically~*~*~ (hiding).
  9324 | D:9      | 9324 ||| Stepping ~*~*~tactically~*~*~ (cloud).
  9327 | D:9      | 9327 ||| INVOKING Heroism.
  9629 | D:10     | Entered Level 10 of the Dungeon
  9649 | D:10     | 9649 ||| STAIRDANCE
  9716 | D:10     | 9716 ||| STAIRDANCE
  9749 | D:10     | 9749 ||| Stepping ~*~*~tactically~*~*~ (hiding).
  9825 | D:10     | Noticed a death yak
  9826 | D:10     | 9826 ||| INVOKING Heroism.
  9837 | D:10     | Noticed a death yak
  9843 | D:10     | 9843 ||| Stepping ~*~*~tactically~*~*~ (hiding).
  9843 | D:10     | Noticed a death yak
  9844 | D:10     | Noticed a death yak
  9847 | D:10     | Noticed a death yak
  9848 | D:10     | Noticed a death yak
  9855 | D:10     | Killed a death yak
  9859 | D:10     | Killed a death yak
  9860 | D:10     | Reached skill level 9 in Fighting
  9867 | D:10     | Killed a death yak
  9867 | D:10     | Reached ***** piety under Okawaru
  9868 | D:10     | 9868 ||| INVOKING Finesse.
  9875 | D:10     | Killed a death yak
  9884 | D:10     | Killed a death yak
  9890 | D:10     | Killed a death yak
  9890 | D:10     | Received a gift from Okawaru
  9890 | D:10     | HP: 5/71 [acid dragon/splash of acid (18)]
  9891 | D:10     | Reached skill level 9 in Invocations
  9891 | D:10     | Reached XP level 12. HP: 5/76 MP: 12/18
  9891 | D:10     | 9891 ||| READING scroll of teleportation.
  9896 | D:10     | 9896 ||| INVOKING Heroism.
 10130 | D:10     | 10130 ||| Stepping ~*~*~tactically~*~*~ (stealth).
 10151 | D:10     | 10151 ||| Stepping ~*~*~tactically~*~*~ (hiding).
 10159 | D:10     | 10159 ||| INVOKING Heroism.
 10284 | D:10     | Found a staircase to the Lair.
 10367 | D:10     | 10367 ||| Stepping ~*~*~tactically~*~*~ (stealth).
 10371 | D:10     | 10371 ||| Stepping ~*~*~tactically~*~*~ (hiding).
 10373 | D:10     | 10373 ||| Stepping ~*~*~tactically~*~*~ (hiding).
 10374 | D:10     | 10374 ||| Stepping ~*~*~tactically~*~*~ (hiding).
 10518 | D:10     | Found a portal to a secret trove of treasure.
 10728 | D:10     | 10728 ||| PLANNING LAIR
 10728 | D:10     | 10728 ||| READING 4 scrolls of identify.
 10728 | D:10     | 10728 ||| IDENTIFYING inky potion
 10729 | D:10     | 10729 ||| DROPPING potion of brilliance.
 10758 | Lair:1   | Entered Level 1 of the Lair of Beasts
 10929 | Lair:1   | 10929 ||| Stepping ~*~*~tactically~*~*~ (stealth).
 10947 | Lair:1   | 10947 ||| INVOKING Heroism.
 10960 | Lair:1   | Reached skill level 12 in Axes
 10991 | Lair:1   | Received a gift from Okawaru
 11078 | Lair:1   | You fall into a shaft and drop 1 floor!
 11078 | Lair:2   | Noticed a skyshark
 11079 | Lair:2   | Noticed a five-headed hydra
 11080 | Lair:2   | 11080 ||| INVOKING Heroism.
 11081 | Lair:2   | 11081 ||| INVOKING Finesse.
 11082 | Lair:2   | 11082 ||| INVOKING Finesse.
 11092 | Lair:2   | 11092 ||| SWAPPING to +5 morningstar.
 11094 | Lair:2   | Killed a skyshark
 11095 | Lair:2   | Reached skill level 3 in Throwing
 11102 | Lair:2   | Killed a five-headed hydra
 11109 | Lair:2   | Reached skill level 9 in Armour
 11218 | Lair:2   | 11218 ||| UPGRADING to +3 war axe.
 11293 | Lair:2   | 11293 ||| INVOKING Heroism.
 11303 | Lair:2   | Reached skill level 3 in Dodging
 11309 | Lair:2   | Reached skill level 6 in Shields
 11354 | Lair:2   | 11354 ||| INVOKING Heroism.
 11397 | Lair:2   | 11397 ||| Stepping ~*~*~tactically~*~*~ (stealth).
 11403 | Lair:2   | 11403 ||| Stepping ~*~*~tactically~*~*~ (stealth).
 11506 | Lair:2   | Reached skill level 10 in Fighting
 11530 | Lair:2   | 11530 ||| Stepping ~*~*~tactically~*~*~ (stealth).
 11540 | Lair:2   | 11540 ||| Stepping ~*~*~tactically~*~*~ (stealth).
 11554 | Lair:2   | 11554 ||| Stepping ~*~*~tactically~*~*~ (stealth).
 11557 | Lair:2   | 11557 ||| Stepping ~*~*~tactically~*~*~ (hiding).
 11561 | Lair:2   | 11561 ||| INVOKING Heroism.
 11691 | Lair:2   | 11691 ||| UPGRADING to +4 ring of protection.
 11803 | Lair:1   | Noticed a boulder beetle
 11832 | Lair:1   | 11832 ||| INVOKING Heroism.
 11833 | Lair:1   | 11833 ||| INVOKING Finesse.
 11848 | Lair:1   | Killed a boulder beetle
 11922 | Lair:1   | 11922 ||| Stepping ~*~*~tactically~*~*~ (stealth).
 11935 | Lair:1   | Reached XP level 13. HP: 76/82 MP: 20/20
 11973 | Lair:1   | 11973 ||| INVOKING Heroism.
 12138 | Lair:1   | 12138 ||| Stepping ~*~*~tactically~*~*~ (stealth).
 12142 | Lair:1   | 12142 ||| INVOKING Heroism.
 12351 | Lair:1   | 12351 ||| Stepping ~*~*~tactically~*~*~ (stealth).
 12353 | Lair:1   | 12353 ||| INVOKING Heroism.
 12355 | Lair:1   | 12355 ||| Stepping ~*~*~tactically~*~*~ (stealth).
 12358 | Lair:1   | 12358 ||| Stepping ~*~*~tactically~*~*~ (stealth).
 12531 | Lair:1   | 12531 ||| READING 10 scrolls of identify.
 12531 | Lair:1   | 12531 ||| IDENTIFYING black potion
 12645 | Lair:2   | 12645 ||| INVOKING Heroism.
 12670 | Lair:2   | 12670 ||| INVOKING Heroism.
 12851 | Lair:3   | 12851 ||| INVOKING Heroism.
 12916 | Lair:3   | 12916 ||| INVOKING Heroism.
 12981 | Lair:3   | 12981 ||| FLEEEEING.
 12982 | Lair:3   | 12982 ||| FLEEEEING.
 12984 | Lair:3   | 12984 ||| STAIRDANCE
 13073 | Lair:3   | 13073 ||| INVOKING Heroism.
 13076 | Lair:3   | 13076 ||| SWAPPING to +5 morningstar.
 13161 | Lair:3   | 13161 ||| UPGRADING to +3 war axe.
 13206 | Lair:3   | 13206 ||| INVOKING Heroism.
 13429 | Lair:3   | Found a staircase to the Swamp.
 13435 | Lair:3   | 13435 ||| Stepping ~*~*~tactically~*~*~ (cloud).
 13443 | Lair:3   | 13443 ||| INVOKING Heroism.
 13628 | Lair:3   | 13628 ||| Stepping ~*~*~tactically~*~*~ (stealth).
 13630 | Lair:3   | 13630 ||| Stepping ~*~*~tactically~*~*~ (stealth).
 13651 | Lair:3   | Received a gift from Okawaru
 13726 | Lair:3   | 13726 ||| UPGRADING to +0 broad axe of electrocution.
 13727 | Lair:3   | 13727 ||| DROPPING +3 war axe.
 13772 | Lair:3   | 13772 ||| Stepping ~*~*~tactically~*~*~ (hiding).
 13889 | Lair:3   | 13889 ||| FLEEEEING.
 13890 | Lair:3   | 13890 ||| FLEEEEING.
 13893 | Lair:3   | 13893 ||| STAIRDANCE
 13995 | Lair:2   | 13995 ||| READING scroll labelled RUZUEN IRA.
 14006 | Lair:3   | 14006 ||| Stepping ~*~*~tactically~*~*~ (hiding).
 14007 | Lair:3   | 14007 ||| Stepping ~*~*~tactically~*~*~ (hiding).
 14017 | Lair:3   | 14017 ||| INVOKING Heroism.
 14024 | Lair:3   | 14024 ||| Stepping ~*~*~tactically~*~*~ (stealth).
 14025 | Lair:3   | 14025 ||| Stepping ~*~*~tactically~*~*~ (stealth).
 14027 | Lair:3   | 14027 ||| Stepping ~*~*~tactically~*~*~ (stealth).
 14121 | Lair:3   | 14121 ||| Stepping ~*~*~tactically~*~*~ (stealth).
 14124 | Lair:3   | 14124 ||| Stepping ~*~*~tactically~*~*~ (stealth).
 14125 | Lair:3   | 14125 ||| Stepping ~*~*~tactically~*~*~ (stealth).
 14147 | Lair:3   | Reached skill level 11 in Fighting
 14166 | Lair:3   | Found a staircase to the Snake Pit.
 14322 | Lair:3   | 14322 ||| Stepping ~*~*~tactically~*~*~ (stealth).
 14324 | Lair:3   | 14324 ||| Stepping ~*~*~tactically~*~*~ (hiding).
 14325 | Lair:3   | 14325 ||| Stepping ~*~*~tactically~*~*~ (hiding).
 14621 | Lair:3   | 14621 ||| READING 10 scrolls of identify.
 14621 | Lair:3   | 14621 ||| IDENTIFYING puce potion
 14622 | Lair:3   | 14622 ||| DROPPING potion of degeneration.
 14663 | Lair:4   | Found the +11 plutonium sword {Contam Stlth-}
 14671 | Lair:4   | 14671 ||| STAIRDANCE
 14762 | Lair:4   | 14762 ||| INVOKING Heroism.
 14813 | Lair:4   | 14813 ||| Stepping ~*~*~tactically~*~*~ (hiding).
 15069 | Lair:4   | 15069 ||| Stepping ~*~*~tactically~*~*~ (stealth).
 15070 | Lair:4   | 15070 ||| INVOKING Heroism.
 15082 | Lair:4   | 15082 ||| INVOKING Finesse.
 15087 | Lair:4   | Gained mutation: Your large and strong wings let you fly.
                  | [Gargoyle growth]
 15087 | Lair:4   | Reached XP level 14. HP: 72/90 MP: 15/21
 15168 | Lair:4   | 15168 ||| INVOKING Heroism.
 15179 | Lair:4   | Reached skill level 15 in Axes
 15335 | Lair:4   | 15335 ||| FLEEEEING.
 15336 | Lair:4   | 15336 ||| FLEEEEING.
 15337 | Lair:4   | 15337 ||| FLEEEEING.
 15338 | Lair:4   | 15338 ||| FLEEEEING.
 15339 | Lair:4   | 15339 ||| INVOKING Heroism.
 15354 | Lair:4   | 15354 ||| Stepping ~*~*~tactically~*~*~ (stealth).
 15375 | Lair:4   | 15375 ||| INVOKING Finesse.
 15564 | Lair:4   | Noticed Urug
 15565 | Lair:4   | 15565 ||| INVOKING Heroism.
 15566 | Lair:4   | 15566 ||| INVOKING Finesse.
 15580 | Lair:4   | Killed Urug
 15606 | Lair:4   | 15606 ||| READING scroll of enchant weapon.
 15606 | Lair:4   | 15606 ||| ENCHANTING +0 broad axe of electrocution.
 15621 | Lair:4   | 15621 ||| READING scroll of enchant armour.
 15621 | Lair:4   | 15621 ||| ENCHANTING +1 pair of boots.
 15865 | Lair:4   | 15865 ||| UPGRADING to scarf of resistance.
 15875 | Lair:4   | 15875 ||| UPGRADING to ring of willpower.
 15899 | Lair:5   | Entered Level 5 of the Lair of Beasts
 15967 | Lair:5   | 15967 ||| INVOKING Heroism.
 15968 | Lair:5   | 15968 ||| INVOKING Finesse.
 15971 | Lair:5   | 15971 ||| SWAPPING to +5 morningstar.
 16047 | Lair:5   | 16047 ||| UPGRADING to +1 broad axe of electrocution.
 16083 | Lair:5   | Reached skill level 12 in Fighting
 16302 | Lair:5   | 16302 ||| Stepping ~*~*~tactically~*~*~ (stealth).
 16308 | Lair:5   | 16308 ||| Stepping ~*~*~tactically~*~*~ (stealth).
 16416 | Lair:5   | 16416 ||| Stepping ~*~*~tactically~*~*~ (stealth).
 16418 | Lair:5   | 16418 ||| Stepping ~*~*~tactically~*~*~ (stealth).
 16426 | Lair:5   | 16426 ||| INVOKING Heroism.
 16429 | Lair:5   | 16429 ||| INVOKING Finesse.
 16439 | Lair:5   | 16439 ||| SWAPPING to +5 morningstar.
 16605 | Lair:5   | 16605 ||| UPGRADING to +1 broad axe of electrocution.
 16713 | Lair:5   | 16713 ||| Stepping ~*~*~tactically~*~*~ (stealth).
 16897 | Lair:5   | 16897 ||| Stepping ~*~*~tactically~*~*~ (stealth).
 16899 | Lair:5   | 16899 ||| Stepping ~*~*~tactically~*~*~ (stealth).
 16916 | Lair:5   | 16916 ||| Stepping ~*~*~tactically~*~*~ (stealth).
 16940 | Lair:5   | Found a runed translucent door.
 16942 | Lair:5   | Found a viscous altar of Jiyva.
 16953 | Lair:5   | 16953 ||| INVOKING Heroism.
 17082 | Lair:5   | Noticed an acid blob
 17083 | Lair:5   | Found a staircase to the Slime Pits.
 17166 | Lair:5   | 17166 ||| Stepping ~*~*~tactically~*~*~ (stealth).
 17168 | Lair:5   | 17168 ||| Stepping ~*~*~tactically~*~*~ (stealth).
 17169 | Lair:5   | 17169 ||| Stepping ~*~*~tactically~*~*~ (stealth).
 17299 | Lair:5   | 17299 ||| INVOKING Heroism.
 17558 | Lair:5   | 17558 ||| INVOKING Heroism.
 17560 | Lair:5   | 17560 ||| Stepping ~*~*~tactically~*~*~ (hiding).
 17618 | Lair:5   | 17618 ||| INVOKING Heroism.
 17619 | Lair:5   | 17619 ||| INVOKING Finesse.
 17621 | Lair:5   | Identified the +6 war axe "Demp" {vamp, rC+ Will- MP+9
                  | Int+4} (Okawaru gifted it to you on level 5 of the Lair of
                  | Beasts)
 17621 | Lair:5   | Received a gift from Okawaru
 17668 | Lair:5   | 17668 ||| UPGRADING to +6 war axe "Demp" {vamp, rC+ Will-
                  | MP+9 Int+4}.
 17723 | Lair:5   | 17723 ||| Stepping ~*~*~tactically~*~*~ (hiding).
 17727 | Lair:5   | 17727 ||| Stepping ~*~*~tactically~*~*~ (stealth).
 17728 | Lair:5   | Noticed a dire elephant
 17729 | Lair:5   | 17729 ||| INVOKING Heroism.
 17744 | Lair:5   | HP: 18/92 [dire elephant (12)]
 17745 | Lair:5   | Reached XP level 15. HP: 18/96 MP: 22/22
 17745 | Lair:5   | 17745 ||| READING 2 scrolls of teleportation.
 17746 | Lair:5   | 17746 ||| DRINKING potion of heal wounds.
 18304 | Lair:5   | 18304 ||| Stepping ~*~*~tactically~*~*~ (hiding).
 18309 | Lair:5   | 18309 ||| INVOKING Heroism.
 18460 | Lair:5   | 18460 ||| PLANNING D:1-11
 18460 | Lair:5   | 18460 ||| READING scroll labelled XAGERUC DAYTT.
 18460 | Lair:5   | Identified a scroll of acquirement
 18460 | Lair:5   | 18460 ||| ACQUIRING +3 tower shield of the Teacher {Rampage
                  | rElec Dex+3}
 18460 | Lair:5   | Acquired the +3 tower shield of the Teacher {Rampage rElec
                  | Dex+3}
 18462 | Lair:5   | 18462 ||| UPGRADING to +3 tower shield of the Teacher
                  | {Rampage rElec Dex+3}.
 18472 | Lair:5   | 18472 ||| DROPPING +0 buckler.
 18681 | D:11     | 18681 ||| Stepping ~*~*~tactically~*~*~ (hiding).
 18682 | D:11     | 18682 ||| Stepping ~*~*~tactically~*~*~ (hiding).
 19156 | D:11     | Reached skill level 9 in Shields
 19212 | D:11     | 19212 ||| Stepping ~*~*~tactically~*~*~ (stealth).
 19214 | D:11     | 19214 ||| Stepping ~*~*~tactically~*~*~ (hiding).
 19226 | D:11     | 19226 ||| Stepping ~*~*~tactically~*~*~ (stealth).
 19228 | D:11     | 19228 ||| Stepping ~*~*~tactically~*~*~ (hiding).
 19355 | D:11     | 19355 ||| PLANNING D
 19545 | D:12     | Identified the +6 rapier of Callousness {freeze, rC+ rN+
                  | Int+2}
 19640 | D:12     | Identified the +5 war axe "Qaoxt" {heavy, Str+5 Dex+3}
                  | (Okawaru gifted it to you on level 12 of the Dungeon)
 19640 | D:12     | Received a gift from Okawaru
 20090 | D:12     | 20090 ||| DROPPING +1 chain mail of poison resistance.
 20333 | D:13     | Found a runed translucent door.
 20444 | D:13     | 20444 ||| Stepping ~*~*~tactically~*~*~ (hiding).
 21022 | D:13     | Noticed Wemm's ghost (journeyman SpEn)
 22009 | D:14     | Found a shimmering blue altar of Sif Muna.
 22144 | D:14     | 22144 ||| Stepping ~*~*~tactically~*~*~ (hiding).
 22196 | D:14     | 22196 ||| INVOKING Heroism.
 22355 | D:14     | 22355 ||| INVOKING Heroism.
 22356 | D:14     | 22356 ||| INVOKING Finesse.
 22360 | D:14     | 22360 ||| SWAPPING to +5 morningstar.
 22394 | D:14     | 22394 ||| UPGRADING to +1 broad axe of electrocution.
 22395 | D:14     | 22395 ||| UPGRADING to +5 war axe "Qaoxt" {heavy, Str+5
                  | Dex+3}.
 22396 | D:14     | 22396 ||| UPGRADING to +6 war axe "Demp" {vamp, rC+ Will-
                  | MP+9 Int+4}.
 22504 | D:14     | 22504 ||| INVOKING Heroism.
 22510 | D:14     | Reached skill level 12 in Shields
 22699 | D:14     | 22699 ||| Stepping ~*~*~tactically~*~*~ (stealth).
 22702 | D:14     | 22702 ||| Stepping ~*~*~tactically~*~*~ (stealth).
 22706 | D:14     | 22706 ||| Stepping ~*~*~tactically~*~*~ (stealth).
 22739 | D:14     | Received a gift from Okawaru
 22853 | D:14     | 22853 ||| Stepping ~*~*~tactically~*~*~ (hiding).
 22855 | D:14     | 22855 ||| Stepping ~*~*~tactically~*~*~ (stealth).
 22856 | D:14     | 22856 ||| FLEEEEING.
 22857 | D:14     | 22857 ||| FLEEEEING.
 22858 | D:14     | 22858 ||| FLEEEEING.
 22859 | D:14     | 22859 ||| FLEEEEING.
 22861 | D:14     | 22861 ||| FLEEEEING.
 22862 | D:14     | 22862 ||| FLEEEEING.
 22863 | D:14     | 22863 ||| FLEEEEING.
 22869 | D:14     | 22869 ||| INVOKING Heroism.
 22900 | D:14     | Found a gate to the Vaults.
 23184 | D:14     | 23184 ||| Stepping ~*~*~tactically~*~*~ (hiding).
 23413 | D:15     | Entered Level 15 of the Dungeon
 23413 | D:15     | Noticed Rupert
 23414 | D:15     | 23414 ||| INVOKING Heroism.
 23415 | D:15     | 23415 ||| INVOKING Finesse.
 23427 | D:15     | Noticed Josephine
 23428 | D:15     | Killed Rupert
 23429 | D:15     | 23429 ||| Stepping ~*~*~tactically~*~*~ (hiding).
 23430 | D:15     | 23430 ||| Stepping ~*~*~tactically~*~*~ (hiding).
 23445 | D:15     | Killed Josephine
 23488 | D:15     | 23488 ||| READING scroll of enchant armour.
 23488 | D:15     | 23488 ||| ENCHANTING +0 plate armour.
 23572 | D:15     | 23572 ||| Stepping randomly (disturbance).
 23573 | D:15     | 23573 ||| READING 16 scrolls of identify.
 23573 | D:15     | 23573 ||| IDENTIFYING emerald potion
 23625 | D:15     | 23625 ||| INVOKING Heroism.
 23627 | D:15     | Paralysed by an orc sorcerer for 5 turns
 23665 | D:15     | Found a staircase to the Depths.
 23679 | D:15     | Reached XP level 16. HP: 103/103 MP: 23/23
 23974 | D:15     | 23974 ||| INVOKING Heroism.
 24152 | D:15     | 24152 ||| Stepping ~*~*~tactically~*~*~ (stealth).
 24163 | D:15     | Received a gift from Okawaru
 24174 | D:15     | Reached skill level 15 in Shields
 24309 | D:15     | 24309 ||| PLANNING ORC
 24309 | D:15     | 24309 ||| DROPPING potion of berserk rage.
 24456 | Orc:1    | Entered Level 1 of the Orcish Mines
 24473 | Orc:1    | 24473 ||| Stepping ~*~*~tactically~*~*~ (hiding).
 24525 | Orc:1    | 24525 ||| Stepping ~*~*~tactically~*~*~ (stealth).
 24526 | Orc:1    | 24526 ||| INVOKING Heroism.
 24559 | Orc:1    | 24559 ||| INVOKING Heroism.
 24639 | Orc:1    | 24639 ||| Stepping ~*~*~tactically~*~*~ (stealth).
 24641 | Orc:1    | 24641 ||| Stepping ~*~*~tactically~*~*~ (hiding).
 24659 | Orc:1    | Received a gift from Okawaru
 24666 | Orc:1    | 24666 ||| Stepping ~*~*~tactically~*~*~ (stealth).
 24732 | Orc:1    | Found Pufawocw's Assorted Antiques.
 24760 | Orc:1    | 24760 ||| BUYING 2 potions of heal wounds (290 gold).
 24760 | Orc:1    | Bought 2 potions of heal wounds for 290 gold pieces
 24760 | Orc:1    | 24760 ||| BUYING glowing steel ring (145 gold).
 24760 | Orc:1    | Bought a glowing steel ring for 145 gold pieces
 24760 | Orc:1    | 24760 ||| BUYING pair of embroidered boots (217 gold).
 24760 | Orc:1    | Bought a pair of embroidered boots for 217 gold pieces
 24760 | Orc:1    | 24760 ||| BUYING potion of might (116 gold).
 24760 | Orc:1    | Bought a potion of might for 116 gold pieces
 24760 | Orc:1    | 24760 ||| BUYING runed chain mail (217 gold).
 24760 | Orc:1    | Bought a runed chain mail for 217 gold pieces
 24838 | Orc:1    | 24838 ||| INVOKING Heroism.
 25023 | Orc:1    | 25023 ||| INVOKING Heroism.
 25088 | Orc:1    | 25088 ||| DROPPING +1 pair of boots.
 25089 | Orc:1    | 25089 ||| DROPPING +0 chain mail of willpower.
 25090 | Orc:1    | 25090 ||| DROPPING ring of flight.
 25105 | Orc:2    | Entered Level 2 of the Orcish Mines
 25183 | Orc:2    | 25183 ||| Stepping ~*~*~tactically~*~*~ (stealth).
 25189 | Orc:2    | 25189 ||| Stepping ~*~*~tactically~*~*~ (hiding).
 25205 | Orc:2    | Identified the +0 robe of the Beastly Worm {rCorr Str+3
                  | Dex-3 SInv} (Okawaru gifted it to you on level 2 of the
                  | Orcish Mines)
 25205 | Orc:2    | Received a gift from Okawaru
 25214 | Orc:2    | 25214 ||| INVOKING Heroism.
 25297 | Orc:2    | 25297 ||| Stepping ~*~*~tactically~*~*~ (stealth).
 25306 | Orc:2    | 25306 ||| INVOKING Heroism.
 25337 | Orc:2    | Found Lisatiur's Distillery.
 25344 | Orc:2    | Found Jaibeiw's Armour Shop.
 25344 | Orc:2    | Found Xor Vuoc's Assorted Antiques.
 25346 | Orc:2    | Found Kefum's Book Boutique.
 25352 | Orc:2    | 25352 ||| BUYING 2 potions of heal wounds (170 gold).
 25352 | Orc:2    | Bought 2 potions of heal wounds for 170 gold pieces
 25352 | Orc:2    | 25352 ||| BUYING 2 potions of magic (272 gold).
 25352 | Orc:2    | Bought 2 potions of magic for 272 gold pieces
 25352 | Orc:2    | 25352 ||| BUYING potion of attraction (51 gold).
 25352 | Orc:2    | Bought a potion of attraction for 51 gold pieces
 25352 | Orc:2    | 25352 ||| BUYING potion of curing (51 gold).
 25352 | Orc:2    | Bought a potion of curing for 51 gold pieces
 25352 | Orc:2    | 25352 ||| BUYING potion of mutation (136 gold).
 25352 | Orc:2    | Bought a potion of mutation for 136 gold pieces
 25352 | Orc:2    | 25352 ||| BUYING potion of mutation (136 gold).
 25352 | Orc:2    | Bought a potion of mutation for 136 gold pieces
 25354 | Orc:2    | 25354 ||| SHOPLISTING dented copper amulet (150 gold, have
                  | 103).
 25354 | Orc:2    | 25354 ||| SHOPLISTING dented soapstone amulet (150 gold,
                  | have 103).
 25354 | Orc:2    | 25354 ||| SHOPLISTING sharpened ivory wand (120 gold, have
                  | 103).
 25378 | Orc:2    | 25378 ||| Stepping ~*~*~tactically~*~*~ (stealth).
 25380 | Orc:2    | 25380 ||| Stepping ~*~*~tactically~*~*~ (stealth).
 25381 | Orc:2    | 25381 ||| Stepping ~*~*~tactically~*~*~ (stealth).
 25387 | Orc:2    | 25387 ||| INVOKING Heroism.
 25393 | Orc:2    | 25393 ||| Stepping ~*~*~tactically~*~*~ (hiding).
 25394 | Orc:2    | 25394 ||| Stepping ~*~*~tactically~*~*~ (hiding).
 25432 | Orc:2    | 25432 ||| INVOKING Heroism.
 25559 | Orc:2    | Found Kaele's Jewellery Shoppe.
 25566 | Orc:2    | 25566 ||| Stepping ~*~*~tactically~*~*~ (stealth).
 25576 | Orc:2    | 25576 ||| SHOPLISTING +4 ring of protection (468 gold, have
                  | 121).
 25576 | Orc:2    | 25576 ||| SHOPLISTING +5 ring of evasion (468 gold, have
                  | 121).
 25576 | Orc:2    | 25576 ||| SHOPLISTING amulet of faith (520 gold, have 121).
 25576 | Orc:2    | 25576 ||| SHOPLISTING amulet of reflection (390 gold, have
                  | 121).
 25576 | Orc:2    | 25576 ||| SHOPLISTING amulet of regeneration (390 gold,
                  | have 121).
 25576 | Orc:2    | 25576 ||| SHOPLISTING amulet of the acrobat (390 gold, have
                  | 121).
 25576 | Orc:2    | 25576 ||| Stepping ~*~*~tactically~*~*~ (stealth).
 25577 | Orc:2    | 25577 ||| Stepping ~*~*~tactically~*~*~ (stealth).
 25605 | Orc:2    | 25605 ||| Stepping ~*~*~tactically~*~*~ (hiding).
 25642 | Orc:2    | Found a staircase to the Elven Halls.
 25679 | Orc:2    | 25679 ||| Stepping ~*~*~tactically~*~*~ (stealth).
 25693 | Orc:2    | 25693 ||| INVOKING Heroism.
 25937 | Orc:2    | 25937 ||| DROPPING +0 heavy war axe.
 26169 | Orc:2    | 26169 ||| PLANNING SWAMP:1-3
 26169 | Orc:2    | 26169 ||| UPGRADING to +10 plate armour of ponderousness.
 26179 | Orc:2    | 26179 ||| DROPPING +1 plate armour.
 26238 | Orc:1    | 26238 ||| INVOKING Heroism.
 26335 | Swamp:1  | Entered Level 1 of the Swamp
 26412 | Swamp:1  | 26412 ||| Stepping ~*~*~tactically~*~*~ (hiding).
 26434 | Swamp:1  | 26434 ||| INVOKING Heroism.
 26460 | Swamp:1  | 26460 ||| INVOKING Heroism.
 26468 | Swamp:1  | 26468 ||| SWAPPING to +5 morningstar.
 26474 | Swamp:1  | Reached skill level 13 in Fighting
 26486 | Swamp:1  | 26486 ||| INVOKING Heroism.
 26572 | Swamp:1  | 26572 ||| UPGRADING to +1 broad axe of electrocution.
 26573 | Swamp:1  | 26573 ||| UPGRADING to +5 war axe "Qaoxt" {heavy, Str+5
                  | Dex+3}.
 26574 | Swamp:1  | 26574 ||| UPGRADING to +6 war axe "Demp" {vamp, rC+ Will-
                  | MP+9 Int+4}.
 26715 | Swamp:1  | Noticed Louise
 26716 | Swamp:1  | 26716 ||| INVOKING Heroism.
 26717 | Abyss:2  | Cast into level 2 of the Abyss (Louise)
 26789 | Abyss:2  | 26789 ||| Stepping ~*~*~tactically~*~*~ (stealth).
 26805 | Abyss:2  | Found a corrupted altar of Lugonu.
 26835 | Abyss:2  | Found a corrupted altar of Lugonu.
 26853 | Abyss:2  | 26853 ||| Stepping ~*~*~tactically~*~*~ (stealth).
 26913 | Abyss:2  | Found a corrupted altar of Lugonu.
 26918 | Abyss:2  | 26918 ||| Stepping ~*~*~tactically~*~*~ (hiding).
 26920 | Abyss:2  | Found a corrupted altar of Lugonu.
 26921 | Abyss:2  | Noticed a lich
 26922 | Abyss:2  | 26922 ||| INVOKING Heroism.
 26946 | Abyss:2  | Killed a lich
 26951 | Abyss:2  | Found a corrupted altar of Lugonu.
 26956 | Abyss:2  | 26956 ||| INVOKING Heroism.
 26958 | Abyss:2  | Paralysed by accursed screaming for 1 turns
 26965 | Abyss:2  | 26965 ||| DRINKING 9 potions of curing.
 26965 | Abyss:2  | 26965 ||| (to cure confusion)
 26973 | Abyss:2  | HP: 26/104 [starcursed mass/accursed screaming (4)]
 26974 | Abyss:2  | 26974 ||| READING 3 scrolls of teleportation.
 26975 | Abyss:2  | 26975 ||| DRINKING 4 potions of heal wounds.
 26976 | Abyss:2  | 26976 ||| DRINKING 8 potions of curing.
 26976 | Abyss:2  | 26976 ||| (to cure confusion)
 26986 | Abyss:2  | 26986 ||| INVOKING Heroism.
 27090 | Abyss:2  | 27090 ||| Stepping ~*~*~tactically~*~*~ (stealth).
 27107 | Abyss:2  | Noticed a tentacled starspawn
 27120 | Abyss:2  | Killed a tentacled starspawn
 27158 | Abyss:2  | 27158 ||| Stepping ~*~*~tactically~*~*~ (stealth).
 27165 | Abyss:2  | 27165 ||| Stepping ~*~*~tactically~*~*~ (stealth).
 27172 | Abyss:2  | 27172 ||| Stepping ~*~*~tactically~*~*~ (stealth).
 27173 | Abyss:2  | 27173 ||| Stepping ~*~*~tactically~*~*~ (stealth).
 27179 | Abyss:2  | Reached XP level 17. HP: 98/108 MP: 24/24
 27186 | Abyss:2  | Reached skill level 12 in Armour
 27190 | Abyss:2  | 27190 ||| INVOKING Heroism.
 27243 | Abyss:2  | 27243 ||| INVOKING Heroism.
 27253 | Swamp:1  | Escaped the Abyss
 27261 | Swamp:1  | 27261 ||| INVOKING Heroism.
 27289 | Swamp:1  | 27289 ||| Stepping ~*~*~tactically~*~*~ (hiding).
 27297 | Swamp:1  | Killed Louise
 27337 | Swamp:1  | 27337 ||| Stepping ~*~*~tactically~*~*~ (stealth).
 27338 | Swamp:1  | 27338 ||| Stepping ~*~*~tactically~*~*~ (stealth).
 27339 | Swamp:1  | 27339 ||| Stepping ~*~*~tactically~*~*~ (stealth).
 27345 | Swamp:1  | 27345 ||| Stepping ~*~*~tactically~*~*~ (stealth).
 27572 | Swamp:1  | 27572 ||| READING 19 scrolls of identify.
 27572 | Swamp:1  | 27572 ||| IDENTIFYING clear potion
 27633 | Swamp:2  | 27633 ||| INVOKING Heroism.
 27887 | Swamp:2  | 27887 ||| Stepping ~*~*~tactically~*~*~ (hiding).
 27896 | Swamp:2  | Received a gift from Okawaru
 27941 | Swamp:2  | 27941 ||| Stepping ~*~*~tactically~*~*~ (hiding).
 27944 | Swamp:2  | 27944 ||| INVOKING Heroism.
 27975 | Swamp:2  | 27975 ||| SWAPPING to +5 morningstar.
 27977 | Swamp:2  | 27977 ||| UPGRADING to +1 broad axe of electrocution.
 27978 | Swamp:2  | 27978 ||| UPGRADING to +5 war axe "Qaoxt" {heavy, Str+5
                  | Dex+3}.
 27979 | Swamp:2  | 27979 ||| UPGRADING to +6 war axe "Demp" {vamp, rC+ Will-
                  | MP+9 Int+4}.
 28041 | Swamp:2  | Reached skill level 14 in Fighting
 28387 | Swamp:3  | Received a gift from Okawaru
 28508 | Swamp:3  | Identified the +0 scimitar of Vidoukh {spect, rElec rF+
                  | Str+3}
 28528 | Swamp:3  | Identified Roxanne's Cyclopedia of Transition
 28528 | Swamp:3  | Noticed Roxanne
 28529 | Swamp:3  | 28529 ||| INVOKING Heroism.
 28533 | Swamp:3  | Reached skill level 18 in Shields
 28573 | Swamp:3  | 28573 ||| INVOKING Heroism.
 28578 | Swamp:3  | Killed Roxanne
 28789 | Swamp:3  | Identified the +4 mace of the Forging Gods {distort, rElec
                  | rN+}
 28798 | Swamp:3  | 28798 ||| Stepping ~*~*~tactically~*~*~ (stealth).
 28802 | Swamp:3  | 28802 ||| INVOKING Heroism.
 29200 | Swamp:3  | 29200 ||| PLANNING SNAKE:1-3
 29200 | Swamp:3  | 29200 ||| UPGRADING to amulet of the acrobat.
 29302 | Snake:1  | Entered Level 1 of the Snake Pit
 29364 | Snake:1  | 29364 ||| Stepping ~*~*~tactically~*~*~ (stealth).
 29366 | Snake:1  | 29366 ||| Stepping ~*~*~tactically~*~*~ (stealth).
 29414 | Snake:1  | 29414 ||| Stepping ~*~*~tactically~*~*~ (stealth).
 29489 | Snake:1  | 29489 ||| INVOKING Heroism.
 29698 | Snake:1  | 29698 ||| DROPPING +6 ring of dexterity.
 29699 | Snake:1  | 29699 ||| UPGRADING to +6 ring of strength.
 29701 | Snake:1  | 29701 ||| DROPPING ring of willpower.
 29806 | Snake:2  | 29806 ||| INVOKING Heroism.
 29825 | Snake:2  | 29825 ||| Stepping ~*~*~tactically~*~*~ (stealth).
 29923 | Snake:2  | 29923 ||| Stepping ~*~*~tactically~*~*~ (hiding).
 29932 | Snake:2  | 29932 ||| INVOKING Heroism.
 29938 | Snake:2  | 29938 ||| Stepping ~*~*~tactically~*~*~ (hiding).
 29983 | Snake:2  | 29983 ||| Stepping ~*~*~tactically~*~*~ (stealth).
 29984 | Snake:2  | 29984 ||| Stepping ~*~*~tactically~*~*~ (stealth).
 29985 | Snake:2  | 29985 ||| Stepping ~*~*~tactically~*~*~ (stealth).
 30120 | Snake:2  | 30120 ||| Stepping ~*~*~tactically~*~*~ (stealth).
 30233 | Snake:2  | Noticed Frances
 30234 | Snake:2  | 30234 ||| Stepping ~*~*~tactically~*~*~ (hiding).
 30239 | Snake:2  | 30239 ||| INVOKING Heroism.
 30251 | Snake:2  | Killed Frances
 30256 | Snake:2  | 30256 ||| Stepping ~*~*~tactically~*~*~ (hiding).
 30258 | Snake:2  | 30258 ||| Stepping ~*~*~tactically~*~*~ (hiding).
 30298 | Snake:2  | 30298 ||| Stepping ~*~*~tactically~*~*~ (hiding).
 30312 | Snake:2  | Reached skill level 15 in Fighting
 30738 | Snake:2  | 30738 ||| DROPPING ring of see invisible.
 30801 | Snake:3  | 30801 ||| INVOKING Heroism.
 30870 | Snake:3  | 30870 ||| Stepping ~*~*~tactically~*~*~ (hiding).
 30877 | Snake:3  | 30877 ||| INVOKING Heroism.
 31029 | Snake:3  | 31029 ||| READING scroll of acquirement.
 31029 | Snake:3  | 31029 ||| ACQUIRING +3 heavy broad axe
 31029 | Snake:3  | Acquired a +3 heavy broad axe
 31031 | Snake:3  | 31031 ||| DROPPING +1 broad axe of electrocution.
 31032 | Snake:3  | 31032 ||| DROPPING +5 war axe "Qaoxt" {heavy, Str+5 Dex+3}.
 31063 | Snake:3  | 31063 ||| Stepping ~*~*~tactically~*~*~ (hiding).
 31074 | Snake:3  | Reached XP level 18. HP: 112/119 MP: 25/25
 31086 | Snake:3  | 31086 ||| DROPPING +5 morningstar.
 31160 | Snake:3  | 31160 ||| Stepping ~*~*~tactically~*~*~ (hiding).
 31161 | Snake:3  | 31161 ||| INVOKING Heroism.
 31318 | Snake:3  | 31318 ||| INVOKING Heroism.
 31325 | Snake:3  | Received a gift from Okawaru
 31475 | Snake:3  | 31475 ||| PLANNING SWAMP:4
 31475 | Snake:3  | 31475 ||| DROPPING +0 cloak.
 31476 | Snake:3  | 31476 ||| UPGRADING to amulet of reflection.
 31486 | Snake:3  | 31486 ||| DROPPING amulet of the acrobat.
 31628 | Swamp:4  | Entered Level 4 of the Swamp
 31628 | Swamp:4  | Noticed Bai Suzhen
 31629 | Swamp:4  | 31629 ||| INVOKING Heroism.
 31659 | Swamp:4  | Killed Bai Suzhen
 31660 | Swamp:4  | Reached skill level 6 in Throwing
 31682 | Swamp:4  | 31682 ||| Stepping ~*~*~tactically~*~*~ (hiding).
 31683 | Swamp:4  | 31683 ||| Stepping ~*~*~tactically~*~*~ (hiding).
 31686 | Swamp:4  | 31686 ||| INVOKING Heroism.
 31713 | Swamp:4  | 31713 ||| INVOKING Heroism.
 31734 | Swamp:4  | Noticed a tentacled monstrosity
 31753 | Swamp:4  | Killed a tentacled monstrosity
 31754 | Swamp:4  | Reached skill level 16 in Fighting
 31760 | Swamp:4  | 31760 ||| Stepping ~*~*~tactically~*~*~ (stealth).
 31813 | Swamp:4  | 31813 ||| INVOKING Heroism.
 31850 | Swamp:4  | 31850 ||| INVOKING Heroism.
 31851 | Swamp:4  | 31851 ||| Stepping ~*~*~tactically~*~*~ (hiding).
 31884 | Swamp:4  | 31884 ||| Stepping ~*~*~tactically~*~*~ (stealth).
 31944 | Swamp:4  | 31944 ||| Stepping ~*~*~tactically~*~*~ (stealth).
 31945 | Swamp:4  | 31945 ||| INVOKING Heroism.
 31972 | Swamp:4  | 31972 ||| Stepping ~*~*~tactically~*~*~ (hiding).
 32048 | Swamp:4  | Received a gift from Okawaru
 32123 | Swamp:4  | 32123 ||| Stepping ~*~*~tactically~*~*~ (stealth).
 32124 | Swamp:4  | 32124 ||| Stepping ~*~*~tactically~*~*~ (stealth).
 32125 | Swamp:4  | 32125 ||| Stepping ~*~*~tactically~*~*~ (stealth).
 32126 | Swamp:4  | 32126 ||| Stepping ~*~*~tactically~*~*~ (stealth).
 32130 | Swamp:4  | 32130 ||| Stepping ~*~*~tactically~*~*~ (stealth).
 32131 | Swamp:4  | 32131 ||| Stepping ~*~*~tactically~*~*~ (stealth).
 32134 | Swamp:4  | 32134 ||| Stepping ~*~*~tactically~*~*~ (hiding).
 32227 | Swamp:4  | 32227 ||| INVOKING Heroism.
 32300 | Swamp:4  | 32300 ||| INVOKING Heroism.
 32308 | Swamp:4  | 32308 ||| Stepping ~*~*~tactically~*~*~ (hiding).
 32334 | Swamp:4  | 32334 ||| Stepping ~*~*~tactically~*~*~ (hiding).
 32389 | Swamp:4  | 32389 ||| INVOKING Heroism.
 32397 | Swamp:4  | Received a gift from Okawaru
 32409 | Swamp:4  | Got a decaying rune of Zot
 32414 | Swamp:4  | 32414 ||| Stepping ~*~*~tactically~*~*~ (hiding).
 32420 | Swamp:4  | Paralysed by a fenstrider witch for 4 turns
 32829 | Swamp:4  | 32829 ||| PLANNING VAULTS:1-4
 33054 | Vaults:1 | Entered Level 1 of the Vaults
 33112 | Vaults:1 | 33112 ||| Stepping ~*~*~tactically~*~*~ (hiding).
 33115 | Vaults:1 | 33115 ||| Stepping ~*~*~tactically~*~*~ (hiding).
 33377 | Vaults:1 | 33377 ||| INVOKING Heroism.
 33397 | Vaults:1 | Reached skill level 17 in Fighting
 33673 | Vaults:1 | Reached XP level 19. HP: 128/128 MP: 26/26
 33680 | Vaults:1 | Reached skill level 6 in Dodging
 33742 | Vaults:1 | You are sucked into a shaft and drop 1 floor!
 33752 | Vaults:2 | Identified the +0 hat of the Devil {*Corrode Will++ Dex+2}
                  | (Okawaru gifted it to you on level 2 of the Vaults)
 33752 | Vaults:2 | Received a gift from Okawaru
 33765 | Vaults:2 | 33765 ||| INVOKING Heroism.
 33866 | Vaults:2 | 33866 ||| Stepping ~*~*~tactically~*~*~ (hiding).
 33867 | Vaults:2 | 33867 ||| Stepping ~*~*~tactically~*~*~ (hiding).
 33885 | Vaults:2 | 33885 ||| Stepping ~*~*~tactically~*~*~ (hiding).
 33889 | Vaults:2 | 33889 ||| Stepping ~*~*~tactically~*~*~ (stealth).
 33939 | Vaults:2 | 33939 ||| Stepping ~*~*~tactically~*~*~ (hiding).
 34053 | Vaults:2 | Found Hennee's Jewellery Shop.
 34058 | Vaults:2 | 34058 ||| UPGRADING to +0 hat of the Devil {*Corrode Will++
                  | Dex+2}.
 34071 | Vaults:1 | 34071 ||| INVOKING Heroism.
 34072 | Vaults:1 | 34072 ||| INVOKING Finesse.
 34088 | Vaults:1 | 34088 ||| Stepping ~*~*~tactically~*~*~ (hiding).
 34100 | Vaults:1 | Reached skill level 15 in Armour
 34219 | Vaults:1 | 34219 ||| FLEEEEING.
 34220 | Vaults:1 | 34220 ||| FLEEEEING.
 34221 | Vaults:1 | 34221 ||| FLEEEEING.
 34222 | Vaults:1 | 34222 ||| FLEEEEING.
 34223 | Vaults:1 | 34223 ||| FLEEEEING.
 34224 | Vaults:1 | 34224 ||| FLEEEEING.
 34226 | Vaults:1 | 34226 ||| FLEEEEING.
 34227 | Vaults:1 | 34227 ||| FLEEEEING.
 34228 | Vaults:1 | 34228 ||| FLEEEEING.
 34229 | Vaults:1 | 34229 ||| FLEEEEING.
 34230 | Vaults:1 | 34230 ||| FLEEEEING.
 34232 | Vaults:1 | 34232 ||| FLEEEEING.
 34233 | Vaults:1 | 34233 ||| FLEEEEING.
 34234 | Vaults:1 | 34234 ||| FLEEEEING.
 34235 | Vaults:1 | 34235 ||| FLEEEEING.
 34236 | Vaults:1 | 34236 ||| FLEEEEING.
 34237 | Vaults:1 | 34237 ||| FLEEEEING.
 34238 | Vaults:1 | 34238 ||| FLEEEEING.
 34239 | Vaults:1 | 34239 ||| FLEEEEING.
 34886 | Vaults:2 | 34886 ||| Stepping ~*~*~tactically~*~*~ (hiding).
 35007 | Vaults:2 | 35007 ||| INVOKING Heroism.
 35025 | Vaults:2 | Received a gift from Okawaru
 35164 | Vaults:2 | 35164 ||| INVOKING Heroism.
 35251 | Vaults:2 | Reached skill level 18 in Fighting
 35384 | Vaults:2 | Received a gift from Okawaru
 35497 | Vaults:2 | 35497 ||| Stepping ~*~*~tactically~*~*~ (hiding).
 35545 | Vaults:2 | 35545 ||| INVOKING Heroism.
 35750 | Vaults:2 | Identified the +4 flail of the Grave {antimagic, rElec
                  | Str+6}
 35751 | Vaults:2 | Identified the staff of fire "Xavehyddi" {rF+ Int+2}
 35842 | Vaults:2 | Noticed Asterion
 35843 | Vaults:2 | 35843 ||| INVOKING Heroism.
 35844 | Vaults:2 | 35844 ||| INVOKING Finesse.
 35875 | Vaults:2 | Killed Asterion
 35923 | Vaults:2 | 35923 ||| Stepping ~*~*~tactically~*~*~ (hiding).
 35924 | Vaults:2 | 35924 ||| Stepping ~*~*~tactically~*~*~ (hiding).
 36137 | Vaults:2 | 36137 ||| BUYING +5 ring of evasion (648 gold).
 36137 | Vaults:2 | Bought a +5 ring of evasion for 648 gold pieces
 36137 | Vaults:2 | 36137 ||| SHOPLISTING amulet of faith (720 gold, have 570).
 36137 | Vaults:2 | 36137 ||| BUYING ring of fire (450 gold).
 36137 | Vaults:2 | Bought a ring of fire for 450 gold pieces
 36137 | Vaults:2 | 36137 ||| SHOPLISTING ring of protection from fire (450
                  | gold, have 120).
 36384 | Vaults:2 | 36384 ||| DROPPING +1 cloak.
 36385 | Vaults:2 | 36385 ||| UPGRADING to +5 ring of evasion.
 36387 | Vaults:2 | 36387 ||| UPGRADING to +6 ring of strength.
 36389 | Vaults:2 | 36389 ||| DROPPING +4 ring of protection.
 36390 | Vaults:2 | 36390 ||| READING scroll labelled PYEMEES BULUUNT.
 36587 | Vaults:3 | 36587 ||| Stepping ~*~*~tactically~*~*~ (hiding).
 36608 | Vaults:3 | Reached XP level 20. HP: 124/136 MP: 27/27
 36678 | Vaults:3 | Paralysed by a great orb of eyes for 5 turns
 36689 | Vaults:3 | 36689 ||| INVOKING Heroism.
 36705 | Vaults:3 | Identified the +7 plate armour of Teunutotyw {rPois rC+
                  | Will+} (Okawaru gifted it to you on level 3 of the Vaults)
 36705 | Vaults:3 | Received a gift from Okawaru
 36778 | Vaults:3 | 36778 ||| FLEEEEING.
 36779 | Vaults:3 | 36779 ||| FLEEEEING.
 36780 | Vaults:3 | 36780 ||| FLEEEEING.
 36781 | Vaults:3 | 36781 ||| FLEEEEING.
 36782 | Vaults:3 | 36782 ||| FLEEEEING.
 36783 | Vaults:3 | 36783 ||| FLEEEEING.
 36784 | Vaults:3 | 36784 ||| FLEEEEING.
 36786 | Vaults:3 | 36786 ||| FLEEEEING.
 36787 | Vaults:3 | 36787 ||| FLEEEEING.
 36788 | Vaults:3 | 36788 ||| FLEEEEING.
 36789 | Vaults:3 | 36789 ||| FLEEEEING.
 36790 | Vaults:3 | 36790 ||| FLEEEEING.
 36792 | Vaults:3 | 36792 ||| FLEEEEING.
 36793 | Vaults:3 | 36793 ||| FLEEEEING.
 36794 | Vaults:3 | 36794 ||| FLEEEEING.
 36795 | Vaults:3 | 36795 ||| FLEEEEING.
 36796 | Vaults:3 | 36796 ||| FLEEEEING.
 37239 | Vaults:3 | Noticed Zenata
 37240 | Vaults:3 | 37240 ||| INVOKING Heroism.
 37241 | Vaults:3 | 37241 ||| INVOKING Finesse.
 37263 | Vaults:3 | Killed Zenata
 37583 | Vaults:3 | 37583 ||| DRINKING 10 potions of curing.
 37583 | Vaults:3 | 37583 ||| (to cure confusion)
 37587 | Vaults:3 | 37587 ||| UPGRADING to +7 plate armour of Teunutotyw {rPois
                  | rC+ Will+}.
 37600 | Vaults:3 | Paralysed by something for 2 turns
 37711 | Vaults:3 | 37711 ||| UPGRADING to +7 plate armour of Teunutotyw {rPois
                  | rC+ Will+}.
 37721 | Vaults:3 | 37721 ||| DROPPING +0 ice dragon scales.
 37722 | Vaults:3 | 37722 ||| DROPPING +2 chain mail of fire resistance.
 37723 | Vaults:3 | 37723 ||| DROPPING +4 chain mail of cold resistance.
 37724 | Vaults:3 | 37724 ||| UPGRADING to +2 cloak.
 37736 | Vaults:3 | Found a staircase to the Crypt.
 38112 | Vaults:4 | 38112 ||| Stepping ~*~*~tactically~*~*~ (hiding).
 38113 | Vaults:4 | 38113 ||| Stepping ~*~*~tactically~*~*~ (hiding).
 38158 | Vaults:4 | 38158 ||| INVOKING Heroism.
 38357 | Vaults:4 | 38357 ||| Stepping ~*~*~tactically~*~*~ (hiding).
 38523 | Vaults:4 | 38523 ||| Stepping ~*~*~tactically~*~*~ (hiding).
 38526 | Vaults:4 | 38526 ||| Stepping ~*~*~tactically~*~*~ (hiding).
 38542 | Vaults:4 | 38542 ||| Stepping ~*~*~tactically~*~*~ (stealth).
 38652 | Vaults:4 | 38652 ||| Stepping ~*~*~tactically~*~*~ (hiding).
 38665 | Vaults:4 | Reached skill level 19 in Fighting
 38848 | Vaults:4 | 38848 ||| Stepping ~*~*~tactically~*~*~ (hiding).
 38911 | Vaults:4 | 38911 ||| Stepping ~*~*~tactically~*~*~ (stealth).
 39037 | Vaults:4 | 39037 ||| INVOKING Finesse.
 39209 | Vaults:4 | 39209 ||| Stepping ~*~*~tactically~*~*~ (stealth).
 39240 | Vaults:4 | 39240 ||| INVOKING Heroism.
 39477 | Vaults:4 | 39477 ||| PLANNING SNAKE:4
 39803 | Snake:4  | Entered Level 4 of the Snake Pit
 39811 | Snake:4  | 39811 ||| Stepping ~*~*~tactically~*~*~ (hiding).
 39827 | Snake:4  | 39827 ||| FLEEEEING.
 39828 | Snake:4  | 39828 ||| FLEEEEING.
 39829 | Snake:4  | 39829 ||| FLEEEEING.
 39830 | Snake:4  | 39830 ||| FLEEEEING.
 39831 | Snake:4  | 39831 ||| FLEEEEING.
 39832 | Snake:4  | 39832 ||| STAIRDANCE
 39969 | Snake:4  | 39969 ||| FLEEEEING.
 39971 | Snake:4  | 39971 ||| FLEEEEING.
 39972 | Snake:4  | 39972 ||| FLEEEEING.
 39973 | Snake:4  | 39973 ||| FLEEEEING.
 39974 | Snake:4  | 39974 ||| STAIRDANCE
 40086 | Snake:4  | 40086 ||| Stepping ~*~*~tactically~*~*~ (hiding).
 40087 | Snake:4  | 40087 ||| Stepping ~*~*~tactically~*~*~ (hiding).
 40089 | Snake:4  | 40089 ||| Stepping ~*~*~tactically~*~*~ (hiding).
 40153 | Snake:4  | 40153 ||| Stepping ~*~*~tactically~*~*~ (stealth).
 40169 | Snake:4  | Reached skill level 18 in Armour
 40169 | Snake:4  | Reached XP level 21. HP: 144/144 MP: 28/28
 40186 | Snake:4  | 40186 ||| Stepping ~*~*~tactically~*~*~ (stealth).
 40233 | Snake:4  | 40233 ||| Stepping ~*~*~tactically~*~*~ (stealth).
 40234 | Snake:4  | 40234 ||| Stepping ~*~*~tactically~*~*~ (stealth).
 40237 | Snake:4  | 40237 ||| Stepping ~*~*~tactically~*~*~ (hiding).
 40285 | Snake:4  | 40285 ||| Stepping ~*~*~tactically~*~*~ (stealth).
 40286 | Snake:4  | Noticed Aizul
 40299 | Snake:4  | Identified the +2 plate armour "Upnudd" {-Cast Dex+4
                  | Stlth+} (Okawaru gifted it to you on level 4 of the Snake
                  | Pit)
 40299 | Snake:4  | Received a gift from Okawaru
 40310 | Snake:4  | Killed Aizul
 40339 | Snake:4  | Reached skill level 9 in Throwing
 40492 | Snake:4  | 40492 ||| Stepping ~*~*~tactically~*~*~ (hiding).
 40715 | Snake:4  | 40715 ||| Stepping ~*~*~tactically~*~*~ (hiding).
 40721 | Snake:4  | 40721 ||| Stepping ~*~*~tactically~*~*~ (hiding).
 40825 | Snake:4  | 40825 ||| Stepping ~*~*~tactically~*~*~ (stealth).
 40827 | Snake:4  | 40827 ||| Stepping ~*~*~tactically~*~*~ (hiding).
 40832 | Snake:4  | 40832 ||| Stepping ~*~*~tactically~*~*~ (hiding).
 40833 | Snake:4  | 40833 ||| Stepping ~*~*~tactically~*~*~ (hiding).
 40835 | Snake:4  | 40835 ||| Stepping ~*~*~tactically~*~*~ (hiding).
 40869 | Snake:4  | 40869 ||| Stepping ~*~*~tactically~*~*~ (hiding).
 40870 | Snake:4  | 40870 ||| Stepping ~*~*~tactically~*~*~ (hiding).
 40901 | Snake:4  | Got a serpentine rune of Zot
 40911 | Snake:4  | 40911 ||| Stepping ~*~*~tactically~*~*~ (hiding).
 40912 | Snake:4  | 40912 ||| Stepping ~*~*~tactically~*~*~ (hiding).
 40994 | Snake:4  | 40994 ||| PLANNING DEPTHS
 40994 | Snake:4  | 40994 ||| DROPPING +2 plate armour "Upnudd" {-Cast Dex+4
                  | Stlth+}.
 41272 | Depths:1 | Entered Level 1 of the Depths
 41290 | Depths:1 | 41290 ||| Stepping ~*~*~tactically~*~*~ (hiding).
 41292 | Depths:1 | 41292 ||| Stepping ~*~*~tactically~*~*~ (hiding).
 41295 | Depths:1 | 41295 ||| Stepping ~*~*~tactically~*~*~ (hiding).
 41297 | Depths:1 | 41297 ||| Stepping ~*~*~tactically~*~*~ (hiding).
 41364 | Depths:1 | 41364 ||| INVOKING Heroism.
 41365 | Depths:1 | 41365 ||| INVOKING Finesse.
 41473 | Depths:1 | 41473 ||| Stepping ~*~*~tactically~*~*~ (hiding).
 41474 | Depths:1 | 41474 ||| Stepping ~*~*~tactically~*~*~ (hiding).
 41488 | Depths:1 | 41488 ||| INVOKING Heroism.
 41489 | Depths:1 | 41489 ||| INVOKING Finesse.
 41539 | Depths:1 | Noticed Saint Roka
 41546 | Depths:1 | 41546 ||| INVOKING Heroism.
 41577 | Depths:1 | Reached skill level 20 in Fighting
 41588 | Depths:1 | 41588 ||| INVOKING Heroism.
 41592 | Depths:1 | Killed Saint Roka
 41875 | Depths:1 | Found a broken altar of Ashenzari.
 42019 | Depths:1 | 42019 ||| INVOKING Heroism.
 42032 | Depths:1 | Received a gift from Okawaru
 42064 | Depths:1 | Found a one-way gate to the infinite horrors of the Abyss.
 42114 | Depths:1 | Found a gateway to Hell.
 42324 | Depths:2 | 42324 ||| Stepping ~*~*~tactically~*~*~ (hiding).
 42325 | Depths:2 | 42325 ||| Stepping ~*~*~tactically~*~*~ (hiding).
 42483 | Depths:2 | 42483 ||| INVOKING Heroism.
 42493 | Depths:2 | Reached skill level 9 in Dodging
 42522 | Depths:2 | 42522 ||| INVOKING Finesse.
 42523 | Depths:2 | Noticed a juggernaut
 42534 | Depths:2 | Received a gift from Okawaru
 42548 | Depths:2 | Killed a juggernaut
 42570 | Depths:2 | Received a gift from Okawaru
 42587 | Depths:2 | 42587 ||| Stepping ~*~*~tactically~*~*~ (hiding).
 42630 | Depths:2 | 42630 ||| Stepping ~*~*~tactically~*~*~ (stealth).
 42776 | Depths:2 | 42776 ||| Stepping ~*~*~tactically~*~*~ (hiding).
 42783 | Depths:2 | 42783 ||| FLEEEEING.
 42784 | Depths:2 | 42784 ||| FLEEEEING.
 42785 | Depths:2 | 42785 ||| Stepping ~*~*~tactically~*~*~ (hiding).
 42875 | Depths:2 | 42875 ||| Stepping ~*~*~tactically~*~*~ (stealth).
 42877 | Depths:2 | 42877 ||| Stepping ~*~*~tactically~*~*~ (hiding).
 42880 | Depths:2 | 42880 ||| Stepping ~*~*~tactically~*~*~ (stealth).
 42946 | Depths:2 | 42946 ||| Stepping ~*~*~tactically~*~*~ (stealth).
 42949 | Depths:2 | 42949 ||| INVOKING Heroism.
 42991 | Depths:2 | 42991 ||| Stepping ~*~*~tactically~*~*~ (stealth).
 43011 | Depths:2 | 43011 ||| Stepping ~*~*~tactically~*~*~ (stealth).
 43012 | Depths:2 | 43012 ||| Stepping ~*~*~tactically~*~*~ (stealth).
 43070 | Depths:2 | 43070 ||| Stepping ~*~*~tactically~*~*~ (stealth).
 43070 | Depths:2 | Noticed a golden dragon
 43071 | Depths:2 | 43071 ||| Stepping ~*~*~tactically~*~*~ (stealth).
 43078 | Depths:2 | Found a one-way gate leading to the halls of Pandemonium.
 43079 | Depths:2 | 43079 ||| Stepping ~*~*~tactically~*~*~ (stealth).
 43082 | Depths:2 | 43082 ||| Stepping ~*~*~tactically~*~*~ (stealth).
 43085 | Depths:2 | 43085 ||| INVOKING Heroism.
 43097 | Depths:2 | Received a gift from Okawaru
 43103 | Depths:2 | Killed a golden dragon
 43429 | Depths:2 | 43429 ||| Stepping ~*~*~tactically~*~*~ (stealth).
 43440 | Depths:2 | Reached XP level 22. HP: 152/152 MP: 29/29
 43482 | Depths:2 | 43482 ||| Stepping ~*~*~tactically~*~*~ (stealth).
 43487 | Depths:2 | 43487 ||| Stepping ~*~*~tactically~*~*~ (stealth).
 43534 | Depths:2 | Found a one-way gateway to a ziggurat.
 43685 | Depths:3 | 43685 ||| STAIRDANCE
 43687 | Depths:2 | 43687 ||| INVOKING Heroism.
 43730 | Depths:2 | 43730 ||| Stepping ~*~*~tactically~*~*~ (stealth).
 43731 | Depths:2 | 43731 ||| Stepping ~*~*~tactically~*~*~ (stealth).
 43732 | Depths:2 | 43732 ||| Stepping ~*~*~tactically~*~*~ (stealth).
 43735 | Depths:2 | 43735 ||| Stepping ~*~*~tactically~*~*~ (stealth).
 43782 | Depths:3 | 43782 ||| INVOKING Heroism.
 43802 | Depths:3 | Received a gift from Okawaru
 43810 | Depths:3 | 43810 ||| STAIRDANCE
 43905 | Depths:3 | 43905 ||| Stepping ~*~*~tactically~*~*~ (hiding).
 43907 | Depths:3 | 43907 ||| Stepping ~*~*~tactically~*~*~ (hiding).
 43907 | Depths:3 | Noticed Frederick
 43908 | Depths:3 | 43908 ||| INVOKING Heroism.
 43932 | Depths:3 | Killed Frederick
 43939 | Depths:3 | Reached skill level 21 in Shields
 44120 | Depths:3 | 44120 ||| Stepping ~*~*~tactically~*~*~ (hiding).
 44371 | Depths:3 | 44371 ||| Stepping ~*~*~tactically~*~*~ (hiding).
 44408 | Depths:3 | 44408 ||| DRINKING potion of cancellation.
 44552 | Depths:3 | 44552 ||| Stepping ~*~*~tactically~*~*~ (hiding).
 44670 | Depths:3 | 44670 ||| INVOKING Heroism.
 44696 | Depths:3 | Paralysed by you for 3 turns
 44944 | Depths:3 | 44944 ||| Stepping ~*~*~tactically~*~*~ (stealth).
 44963 | Depths:3 | 44963 ||| DROPPING ring of positive energy.
 45007 | Depths:4 | Entered Level 4 of the Depths
 45018 | Depths:4 | 45018 ||| INVOKING Heroism.
 45039 | Depths:4 | 45039 ||| INVOKING Finesse.
 45163 | Depths:4 | 45163 ||| INVOKING Heroism.
 45164 | Depths:4 | 45164 ||| INVOKING Finesse.
 45170 | Depths:4 | Reached skill level 21 in Fighting
 45186 | Depths:4 | Received a gift from Okawaru
 45240 | Depths:4 | 45240 ||| Stepping ~*~*~tactically~*~*~ (cloud).
 45246 | Depths:4 | 45246 ||| Stepping ~*~*~tactically~*~*~ (stealth).
 45247 | Depths:4 | 45247 ||| Stepping ~*~*~tactically~*~*~ (stealth).
 45317 | Depths:4 | 45317 ||| Stepping ~*~*~tactically~*~*~ (stealth).
 45323 | Depths:4 | 45323 ||| Stepping ~*~*~tactically~*~*~ (hiding).
 45324 | Depths:4 | 45324 ||| Stepping ~*~*~tactically~*~*~ (hiding).
 45325 | Depths:4 | 45325 ||| Stepping ~*~*~tactically~*~*~ (hiding).
 45359 | Depths:4 | 45359 ||| INVOKING Heroism.
 45450 | Depths:4 | 45450 ||| INVOKING Heroism.
 45453 | Depths:4 | 45453 ||| Stepping ~*~*~tactically~*~*~ (stealth).
 45540 | Depths:4 | 45540 ||| INVOKING Finesse.
 45552 | Depths:4 | 45552 ||| Stepping ~*~*~tactically~*~*~ (stealth).
 45568 | Depths:4 | 45568 ||| Stepping ~*~*~tactically~*~*~ (stealth).
 45570 | Depths:4 | 45570 ||| Stepping ~*~*~tactically~*~*~ (stealth).
 45614 | Depths:4 | 45614 ||| INVOKING Finesse.
 45646 | Depths:4 | 45646 ||| Stepping ~*~*~tactically~*~*~ (hiding).
 45813 | Depths:4 | 45813 ||| Stepping ~*~*~tactically~*~*~ (hiding).
 45842 | Depths:4 | Reached skill level 12 in Throwing
 45929 | Depths:4 | 45929 ||| Stepping ~*~*~tactically~*~*~ (stealth).
 45965 | Depths:4 | 45965 ||| INVOKING Heroism.
 45966 | Depths:4 | 45966 ||| INVOKING Finesse.
 46025 | Depths:4 | 46025 ||| Stepping ~*~*~tactically~*~*~ (stealth).
 46052 | Depths:4 | Reached XP level 23. HP: 160/160 MP: 30/30
 46166 | Depths:4 | 46166 ||| INVOKING Heroism.
 46578 | Depths:4 | 46578 ||| READING scroll of acquirement.
 46578 | Depths:4 | 46578 ||| ACQUIRING +0 pair of gloves of the Hurricane
                  | {-Cast +Blink Regen+}
 46578 | Depths:4 | Acquired the +0 pair of gloves of the Hurricane {-Cast
                  | +Blink Regen+}
 46580 | Depths:4 | 46580 ||| UPGRADING to +0 pair of gloves of the Hurricane
                  | {-Cast +Blink Regen+}.
 46590 | Depths:4 | 46590 ||| DROPPING +2 pair of gloves.
 46633 | Depths:4 | 46633 ||| Stepping ~*~*~tactically~*~*~ (stealth).
 46635 | Depths:4 | 46635 ||| Stepping ~*~*~tactically~*~*~ (hiding).
 46651 | Depths:4 | 46651 ||| INVOKING Heroism.
 46686 | Depths:4 | Found a gate to the Realm of Zot.
 46734 | Depths:4 | 46734 ||| Stepping ~*~*~tactically~*~*~ (stealth).
 46771 | Depths:4 | 46771 ||| INVOKING Heroism.
 46816 | Depths:4 | 46816 ||| PLANNING VAULTS:5
 47076 | Vaults:5 | Entered Level 5 of the Vaults
 47077 | Vaults:5 | 47077 ||| INVOKING Heroism.
 47082 | Vaults:5 | Noticed a golden dragon
 47107 | Vaults:5 | 47107 ||| INVOKING Finesse.
 47113 | Vaults:5 | Reached skill level 22 in Fighting
 47124 | Vaults:5 | Killed a golden dragon
 47147 | Vaults:5 | Received a gift from Okawaru
 47166 | Vaults:5 | 47166 ||| INVOKING Heroism.
 47187 | Vaults:5 | Identified the +6 falchion of Queroank {holy, +Blink rF+
                  | Will- Dex+3}
 47194 | Vaults:5 | Identified the +1 scale mail "Sinta" {rN+ Int+6} (Okawaru
                  | gifted it to you on level 5 of the Vaults)
 47194 | Vaults:5 | Received a gift from Okawaru
 47205 | Vaults:5 | Noticed a dread lich
 47206 | Vaults:5 | 47206 ||| INVOKING Finesse.
 47229 | Vaults:5 | Killed a dread lich
 47238 | Vaults:5 | 47238 ||| INVOKING Heroism.
 47296 | Vaults:5 | 47296 ||| INVOKING Heroism.
 47313 | Vaults:5 | 47313 ||| Stepping ~*~*~tactically~*~*~ (hiding).
 47314 | Vaults:5 | 47314 ||| Stepping ~*~*~tactically~*~*~ (hiding).
 47315 | Vaults:5 | 47315 ||| Stepping ~*~*~tactically~*~*~ (hiding).
 47322 | Vaults:5 | 47322 ||| INVOKING Finesse.
 47420 | Vaults:5 | 47420 ||| Stepping ~*~*~tactically~*~*~ (hiding).
 47421 | Vaults:5 | 47421 ||| Stepping ~*~*~tactically~*~*~ (hiding).
 47554 | Vaults:5 | Identified the +12 falchion "Solecoats" {freeze, +Blink
                  | Stlth+}
 47561 | Vaults:5 | Reached skill level 21 in Armour
 47562 | Vaults:5 | 47562 ||| Stepping ~*~*~tactically~*~*~ (stealth).
 47594 | Vaults:5 | 47594 ||| Stepping ~*~*~tactically~*~*~ (hiding).
 47596 | Vaults:5 | 47596 ||| INVOKING Heroism.
 47618 | Vaults:5 | 47618 ||| Stepping ~*~*~tactically~*~*~ (stealth).
 47629 | Vaults:5 | Got a silver rune of Zot
 47651 | Vaults:5 | 47651 ||| Stepping ~*~*~tactically~*~*~ (hiding).
 47674 | Vaults:5 | Identified the +0 pair of gloves of Ennui {Harm rF+ Str+4
                  | Dex-3}
 47731 | Vaults:5 | 47731 ||| FLEEEEING.
 47732 | Vaults:5 | 47732 ||| FLEEEEING.
 47733 | Vaults:5 | 47733 ||| FLEEEEING.
 47743 | Vaults:5 | 47743 ||| FLEEEEING.
 47743 | Vaults:5 | Noticed a caustic shrike
 47743 | Vaults:5 | a caustic shrike changed into a golden dragon
 47743 | Vaults:5 | Noticed a golden dragon (glowing shapeshifter)
 47744 | Vaults:5 | 47744 ||| Stepping ~*~*~tactically~*~*~ (hiding).
 47745 | Vaults:5 | 47745 ||| FLEEEEING.
 47746 | Vaults:5 | 47746 ||| Stepping ~*~*~tactically~*~*~ (hiding).
 47747 | Vaults:5 | 47747 ||| FLEEEEING.
 47758 | Vaults:5 | a golden dragon changed into a caustic shrike
 47758 | Vaults:5 | Noticed a caustic shrike (glowing shapeshifter)
 47761 | Vaults:5 | a caustic shrike changed into a shadow dragon
 47763 | Vaults:5 | 47763 ||| INVOKING Heroism.
 47793 | Vaults:5 | 47793 ||| INVOKING Heroism.
 47860 | Vaults:5 | 47860 ||| INVOKING Heroism.
 47879 | Vaults:5 | Reached XP level 24. HP: 168/168 MP: 30/30
 47900 | Vaults:5 | Identified the +5 mace "Ughosk" {heavy, rC+}
 48289 | Vaults:5 | 48289 ||| PLANNING SHOPPING SPREE
 48289 | Vaults:5 | 48289 ||| DROPPING +1 hat.
 48290 | Vaults:5 | 48290 ||| DROPPING +0 cloak of poison resistance.
 48291 | Vaults:5 | 48291 ||| DROPPING +0 plate armour of cold resistance.
 48691 | D:3      | 48691 ||| BUYING scroll of enchant weapon (105 gold).
 48691 | D:3      | Bought a scroll of enchant weapon for 105 gold pieces
 48931 | Orc:2    | 48931 ||| BUYING dented copper amulet (150 gold).
 48931 | Orc:2    | Bought a dented copper amulet for 150 gold pieces
 48931 | Orc:2    | 48931 ||| BUYING dented soapstone amulet (150 gold).
 48931 | Orc:2    | Bought a dented soapstone amulet for 150 gold pieces
 48931 | Orc:2    | 48931 ||| DROPPING amulet of regeneration.
 48932 | Orc:2    | 48932 ||| UPGRADING to amulet of faith.
 49148 | Vaults:2 | 49148 ||| BUYING ring of protection from fire (450 gold).
 49148 | Vaults:2 | Bought a ring of protection from fire for 450 gold pieces
 49148 | Vaults:2 | 49148 ||| DROPPING ring of fire.
 49352 | Orc:2    | 49352 ||| BUYING +5 ring of evasion (468 gold).
 49352 | Orc:2    | Bought a +5 ring of evasion for 468 gold pieces
 49352 | Orc:2    | 49352 ||| UPGRADING to +5 ring of evasion.
 49354 | Orc:2    | 49354 ||| DROPPING +6 ring of strength.
 49355 | Orc:2    | 49355 ||| PLANNING ZOT:1-4
 49704 | Zot:1    | Entered Level 1 of the Realm of Zot
 49707 | Zot:1    | 49707 ||| STAIRDANCE
 49730 | Depths:4 | 49730 ||| UPGRADING to scarf of resistance.
 49746 | Zot:1    | 49746 ||| INVOKING Heroism.
 49748 | Zot:1    | Noticed Parghit
 49768 | Zot:1    | Received a gift from Okawaru
 49770 | Zot:1    | HP: 35/168 [Parghit (17)]
 49771 | Zot:1    | 49771 ||| READING 11 scrolls of teleportation.
 49771 | Zot:1    | Slain by Parghit

Levels and vault maps discovered:
D:1:      onia_arrival_mini_spirals, layout_rooms, minmay_misc_feat_tower,
          hex_medium, nrook_mini_backslash, minmay_misc_feat_rows,
          chequers_avenue
D:2:      layout_basic, serial_rivers, chequers_serial_rivers_micro_a,
          chequers_serial_rivers_small_a, chequers_serial_rivers_micro_c,
          chequers_serial_rivers_micro_a, chequers_serial_rivers_small_3,
          uniq_jessica
D:3:      minmay_octagon_keep, layout_basic, serial_shops, shop,
          minmay_misc_feat_cross, minivault_19, kennysheep_nub,
          small_statue_intersection
D:4:      layout_basic, uniq_edmund
D:5:      layout_gridville, minmay_temple_entry_hall
D:6:      layout_gridville, grunt_temple_overflow_open
D:7:      minmay_the_grid_four_pointed_star
          [minmay_the_grid_triangle_9x9_zippers_horizontal,
          minmay_the_grid_triangle_9x9_cache,
          minmay_the_grid_triangle_9x9_negative_grid,
          minmay_the_grid_triangle_9x9_windchime,
          minmay_the_grid_prize_inner_circle], layout_loops_ring,
          nicolae_kikubaaqudgha_miasma_corner, ebering_ghost_reflecting_pool
D:8:      layout_basic, tso_metal_star, nicolae_shop_firing_range, uniq_psyche
D:9:      layout_gridville, mainiacjoe_overflow_concentric_impassable,
          david_orc_3
D:10:     layout_loops_ring, dpeg_lair_monsters, nicolae_trove_entry_isolated
D:11:     layout_roguey
D:12:     layout_loops_ring
D:13:     layout_cave_pods, ebering_ghost_reflecting_pool,
          kennysheep_decorative_pillar
D:14:     layout_stronghold, david_vaults_2, hangedman_decor_slide_cut,
          chequers_garden, tgw_sif
D:15:     grunt_enter_depths_magical_seal, layout_long_grid,
          chequers_serial_rivers_micro_e, hellmonk_bongcloud_opening,
          serial_park_tiny_1, uniq_rupert, uniq_josephine
Temple:   nicolae_temple_figure_eight
Lair:1:   layout_chaotic_city
Lair:2:   layout_big_grid, minivault_19, pdpol_lair_cavern_descent,
          lemuel_fruit_fields
Lair:3:   layout_small_grid, skrybe_swamp_entry_bodies,
          minmay_snake_entry_guardpost_medium
Lair:4:   layout_loops_ring, beast_lair_carwin_10, uniq_urug
Lair:5:   hangedman_lair_in_review, layout_layer_cave, slime_entry_2,
          st_stairs_3, nicolae_lair_grove_arrangements
Swamp:1:  layout_falls_marsh, evilmike_swamp_ruin_house_3, swamp_pool4,
          infiniplex_staircase_pool_2, uniq_louise
Swamp:2:  layout_basic_swamp, evilmike_swamp_ruin_house_4, swamp_pool2
Swamp:3:  layout_basic_swamp, evilmike_swamp_ruin_house_6, swamp_pool3,
          nicolae_swamp_trees_clearing, uniq_roxanne
Swamp:4:  nzn_swamp_witches_coven, layout_basic_swamp, uniq_bai_suzhen
Snake:1:  layout_cave_shapes
Snake:2:  layout_basic, nrook_guardian_serpent_double, nicolae_integral_box,
          uniq_frances
Snake:3:  layout_rooms, st_stairs_3, serial_bayou_shore_b
Snake:4:  hellmonk_snake_rune_quicksilver_temple, layout_grid_shapes, uniq_aizul
Orc:1:    cheibrodos_orc_arena, layout_caves, serial_shops, shop, basic_altar
Orc:2:    st_orc_rangers, layout_diamond_mine, serial_shops,
          nicolae_shop_gaudy_bauble, elf_legates
Vaults:1: nicolae_vaults_security_offices_5, ontoclasm_vaults_eye,
          nicolae_vaults_oval_intersection, hangedman_vaults_stitches,
          nicolae_vaults_trapezoid_4, hangedman_vaults_stagger,
          nicolae_vaults_triangles, ontoclasm_vaults_idyll, vaults_dpeg_cross,
          hangedman_vaults_trim, layout_vaults_omnicross
Vaults:2: v_pattern_2, nicolae_vaults_corridor_and_loot_room,
          nicolae_vaults_stepped_doors, nicolae_vaults_trapezoid_3, v_misc_30,
          nicolae_vaults_sealed_display, v_misc_30, ontoclasm_vaults_chip,
          vaults_dpeg_ring, layout_vaults_chaotic_city, serial_shops,
          nicolae_shop_crystal, uniq_asterion
Vaults:3: nicolae_vaults_heist, minmay_crypt_entry_vampire_xt,
          nicolae_vaults_trapezoid_lopsided_3, nicolae_vaults_double_plus_1,
          vaults_room_semicircle, nicolae_vaults_cochlea,
          nicolae_vaults_rhombus_6, nicolae_vaults_double_plus_1,
          layout_vaults_quadrants, uniq_zenata
Vaults:4: v_misc_1, vaults_mumra_minichess, nicolae_vaults_house_1,
          nicolae_vaults_storage_closets_1, vaults_mumra_chevron_long,
          ontoclasm_vaults_chip, nicolae_vaults_network_periphery, v_misc_24,
          v_misc_14, grunt_vaults_twisty, vaults_room_hallway,
          nicolae_vaults_trapezoid_lopsided_3, layout_vaults_ring
Vaults:5
Depths:1: layout_forbidden_donut, hellmouth_1, nicolae_ashenzari_panopticon,
          abyss_entry, fountainhead, grunt_ministairs_15,
          hangedman_research_quantum, uniq_saint_roka
Depths:2: minmay_textured_paths, layout_honeycomb, enter_ziggurat_a,
          grunt_decor_junction, grunt_mini_vestibule, rand_demon_pan_entry_5
Depths:3: gammafunk_mikee_crab_dinner, layout_cave_pools,
          marbit_kobold_abyss_entry, rand_demon_pan_entry_8, hell_entry,
          uniq_frederick
Depths:4: grunt_zot_entry_gee_three, layout_basic, hell_entry, minivault_11,
          rand_demon_pan_entry_4
Zot:1:    kennysheep_blocky_hall, layout_basic, grunt_ministairs_1, uniq_parghit

Skill      XL: |  1  2  3  4  5  6  7  8  9 10 11 12 13 14 15 16 17 18 19 20 21 22 23 |
---------------+----------------------------------------------------------------------+-----
Axes           | 2 3 4 5 6 8 9 10 11 12 14 16 | 16.2
Fighting       | 4 5 6 8 9 10 11 12 13 15 17 18 19 20 21 22 | 22.3
Dodging        | 2 3 4 5 7 8 9 10 | 10.0
Armour         | 4 5 6 7 8 9 10 11 13 14 15 18 19 20 21 | 21.0
Invocations    | 4 5 9 10 | 10.0
Shields        | 5 6 7 8 14 17 18 19 20 21 | 21.6
Throwing       | 1 2 4 5 7 8 9 12 13 | 13.0

Action                     |  1- 3 |  4- 6 |  7- 9 | 10-12 | 13-15 | 16-18 | 19-21 | 22-24 || total
---------------------------+-------+-------+-------+-------+-------+-------+-------+-------++-------
  Melee: War axe           |   111 |   174 |   334 |   543 |   658 |  1726 |  1744 |  1272 ||  6562
         Morningstar       |       |       |       |    16 |    65 |    39 |       |       ||   120
         Broad axe         |       |       |       |       |   446 |       |       |       ||   446
  Throw: Boomerang         |       |       |     4 |   101 |    47 |   155 |   160 |    65 ||   532
         Javelin           |       |       |       |     9 |    55 |    53 |    35 |    34 ||   186
 Invoke: Heroism           |       |       |     7 |    21 |    30 |    44 |    18 |    21 ||   141
         Finesse           |       |       |       |     3 |     8 |       |     7 |     8 ||    26
    Use: Scroll            |     2 |     7 |     9 |    10 |     9 |     3 |     1 |     2 ||    43
         Potion            |       |     1 |     3 |     2 |     1 |     3 |     1 |     1 ||    12
   Stab: Petrified         |       |       |       |       |     8 |       |       |       ||     8
         Distracted        |       |       |       |       |       |     1 |       |       ||     1
         Confused          |       |       |       |       |       |       |       |     5 ||     5
 Armour: Scale mail        |    54 |    81 |    20 |       |       |       |       |       ||   155
         Plate armour      |       |       |   191 |   365 |   640 |   668 |   443 |   470 ||  2777
         Skin              |       |       |       |     3 |       |       |       |       ||     3
  Dodge: Dodged            |    45 |    77 |   122 |   211 |   334 |   333 |   364 |   477 ||  1963
  Block: Buckler           |    16 |    43 |    73 |   162 |   186 |       |       |       ||   480
         Tower shield      |       |       |       |       |   329 |  1783 |  1647 |  1407 ||  5166
         Reflection        |       |       |       |       |       |    11 |   118 |    25 ||   154

Table legend:
 A = Non-vault XP
 B = Vault XP
 C = Vault XP percentage of total XP
 D = Non-vault monster count
 E = Vault monster count
 F = Vault count percentage of total count
                 A         B        C        D         E       F
            +---------+---------+-------+---------+---------+-------
      Total |  470151 |  368010 |  43.9 |    1117 |     531 |  32.2
            +---------+---------+-------+---------+---------+-------
        D:1 |      50 |       0 |   0.0 |      29 |       0 |   0.0
        D:2 |      39 |      37 |  48.7 |      13 |       1 |   7.1
        D:3 |      93 |     146 |  61.1 |      17 |       8 |  32.0
        D:4 |     199 |     169 |  45.9 |      14 |       1 |   6.7
        D:5 |     847 |       0 |   0.0 |      17 |       0 |   0.0
        D:6 |     911 |       0 |   0.0 |      22 |       0 |   0.0
        D:7 |    1484 |    2892 |  66.1 |      28 |      17 |  37.8
        D:8 |    2630 |     385 |  12.8 |      22 |       4 |  15.4
        D:9 |    2006 |     329 |  14.1 |      28 |       5 |  15.2
       D:10 |    2051 |    4846 |  70.3 |      20 |       6 |  23.1
       D:11 |    5858 |       0 |   0.0 |      22 |       0 |   0.0
       D:12 |    2778 |       0 |   0.0 |       9 |       0 |   0.0
       D:13 |    6157 |       0 |   0.0 |      17 |       0 |   0.0
       D:14 |   12502 |    1644 |  11.6 |      20 |       4 |  16.7
       D:15 |   13714 |    7903 |  36.6 |      28 |      13 |  31.7
     Lair:1 |    7546 |       0 |   0.0 |      28 |       0 |   0.0
     Lair:2 |    7311 |    2520 |  25.6 |      23 |      10 |  30.3
     Lair:3 |   11796 |    1517 |  11.4 |      50 |       6 |  10.7
     Lair:4 |    7946 |    6733 |  45.9 |      25 |      11 |  30.6
     Lair:5 |   14421 |    9986 |  40.9 |      58 |      21 |  26.6
    Swamp:1 |    6339 |    1218 |  16.1 |      13 |       1 |   7.1
    Swamp:2 |   11839 |       0 |   0.0 |      20 |       0 |   0.0
    Swamp:3 |    6677 |    1397 |  17.3 |      16 |       1 |   5.9
    Swamp:4 |   15646 |   31311 |  66.7 |      26 |      42 |  61.8
    Snake:1 |    7104 |       0 |   0.0 |      16 |       0 |   0.0
    Snake:2 |   16055 |    2357 |  12.8 |      34 |       3 |   8.1
    Snake:3 |   17828 |    1234 |   6.5 |      34 |       2 |   5.6
    Snake:4 |    7679 |   24465 |  76.1 |      14 |      29 |  67.4
      Orc:1 |    5171 |    1821 |  26.0 |      35 |      16 |  31.4
      Orc:2 |    5535 |   11447 |  67.4 |      51 |      47 |  48.0
   Vaults:1 |   27215 |   16158 |  37.3 |      36 |      23 |  39.0
   Vaults:2 |   27796 |   25312 |  47.7 |      39 |      33 |  45.8
   Vaults:3 |   29585 |    8370 |  22.1 |      39 |      13 |  25.0
   Vaults:4 |   23799 |   24060 |  50.3 |      38 |      31 |  44.9
   Vaults:5 |   12533 |  106820 |  89.5 |      14 |      94 |  87.0
   Depths:1 |   32657 |   10511 |  24.3 |      41 |      22 |  34.9
   Depths:2 |   24349 |   24705 |  50.4 |      33 |      20 |  37.7
   Depths:3 |   22848 |   12340 |  35.1 |      31 |      21 |  40.4
   Depths:4 |   51927 |   22151 |  29.9 |      59 |      23 |  28.0
      Zot:1 |    1003 |    3226 |  76.3 |       2 |       3 |  60.0
    Abyss:2 |   16227 |       0 |   0.0 |      36 |       0 |   0.0
            +---------+---------+-------+---------+---------+-------
